Workbook

Sheet 11-2017
B1: SND | D1: SNA | I1: STA | M1: TIP | N1: FONDERIE | O1: PHENICIA | P1: HEMP | R1: Z I | S1: ALPHA
B2: STB | C2: STB MEG | D2: BTK | E2: STB | F2: STB MEG | G2: EURO MEG | H2: $ MEG | I2: STB MEG | J2: STB TH | K2: EURO MEG | L2: $ MEG | M2: STB MEG | N2: STB | O2: STB | P2: STB | Q2: EURO MEG | R2: STB | S2: STB
A3: SOLDE au 29/11/2017 | B3: 32523.366 | C3: -57574.607 | D3: 33245.846 | E3: 8470.59 | F3: -4257702.4 | G3: 493654.03 | H3: 136436.02 | I3: -759644.71 | J3: 13101.897 | K3: 2110.63 | L3: 135142.16 | M3: 4276.924 | N3: -1312.499 | O3: 28847.457 | P3: 2825.72 | Q3: 25995.41 | R3: 4084.299 | S3: 111283.38
A4: EN COURS | B4: =SUM(B5:B7) -> 0 | C4: =SUM(C5:C7) -> 24000 | D4: =SUM(D5:D7) -> 0 | E4: =SUM(E5:E7) -> 0 | F4: =SUM(F5:F7) -> 0 | G4: =SUM(G5:G7) -> 0 | H4: =SUM(H5:H7) -> 0 | I4: =SUM(I5:I7) -> 0 | ... S4: =SUM(S5:S7) -> 0
A5: Cheque | C5: 24000
A6: Escompte
A7: Virement | L7: 79661.5
A8: Previsions | B8: =B9+B10+B11+B12+B13 -> 0 | C8: =C9+C10+C11+C12+C13 -> 359215.85 | D8: =D9+D10+D12+D13+D20+D25 -> 0 | E8: =E9+E10+E11+E12+E13 -> 0 | F8: =F9+F10+F12+F13+F20+F11 -> 450000 | G8: =G14+G15+G16+G17+G18+G20 -> 100000 | H8: =H14+H15+H16+H17+H18+H20 -> 0 | I8: =I9+I10+I12+I13+I20+I25+I23+I11 -> 462823.53 | J8: =J9+J10+J12+J13+J20+J25+J23 -> 0 | K8: =K9+K10+K12+K13+K20+K25 -> 0 | L8: =L9+L10+L12+L13+L20+L25 -> 39324.59 | M8: =M9+M10+M12+M13+M20+M25 -> 0 | N8: =N9+N10+N12+N13+N20+N25 -> 0 | O8: =O9+O10+O12+O13+O20+O25 -> 0 | P8: =P9+P10+P12+P13+P20+P25 -> 0 | Q8: =Q9+Q10+Q12+Q13+Q20+Q25 -> 0 | R8: =R9+R10+R12+R13+R20+R25 -> 0 | S8: =S9+S10+S12+S13+S20+S25 -> 0
A9: Cheque | C9: =274415.21+6300.639 -> 280715.85 | E9: =B54 -> 0 | F9: =C54 -> 450000 | I9: =C52 -> 0 | J9: =B52 -> 0 | M9: =F58+E58 -> 0 | N9: =E56 -> 0 | P9: =E57 -> 0
A10: Espece | C10: 0
A11: AGENCE | C11: =25500+14500+7000+25500+6000 -> 78500
A12: Escompte | C12: 0
A13: Virement | B13: 0 | C13: 0 | D13: =SUM(D14:D18) -> 0 | E13: =SUM(E14:E25) -> 0 | F13: =SUM(F14:F25) -> 0 | G13: =SUM(G14:G20) -> 100000 | H13: =SUM(H14:H20) -> 0 | I13: =SUM(I14:I25) -> 462823.53 | J13: =SUM(J14:J25) -> 0 | K13: =SUM(K14:K25) -> 0 | L13: =SUM(L14:L18) -> 39324.59 | M13: =SUM(M14:M25) -> 0 | N13: =SUM(N14:N25) -> 0 | O13: =SUM(O14:O25) -> 0 | P13: =SUM(P14:P25) -> 0 | Q13: =SUM(Q14:Q25) -> 0 | R13: =SUM(R14:R25) -> 0 | S13: =SUM(S14:S25) -> 0
A14: Vente Devise
A15: Maribat | L15: =+EXPORT!M23 -> 39324.59
A16: El Haramaine
A17: Med Energy
A18: Errafik | G18: 100000
A19: ENERTCH
A20: Credit de gestion: FED
A21: CMT
A22: RESTETUTION TVA | I22: =296976.523+165847.012 -> 462823.53
A23: Dividendes
A24: AUGMENTATION CAPITAL
A25: MCNE
A26: Placement | F26: 500000 | N26: 1000000
A27: CMT
A28: Depenses | B28: =B29+B44+B62 -> 0 | C28: =C29+C44+C62 -> 552333.65 | D28: =D29+D44+D62 -> 0 | E28: =E29+E44+E62 -> 0 | F28: =F29+F44+F62 -> 867367.62 | G28: =G29+G44+G62 -> 333183.53 | H28: =H29+H44+H62 -> 0 | I28: =I29+I44+I62 -> 124029.68 | ... S28: =S29+S44+S62 -> 72355.628
A29: Import | B29: =SUM(B30:B43) -> 0 | D29: =SUM(D30:D43) -> 0 | E29: =SUM(E30:E43) -> 0 | F29: =SUM(F30:F43) -> 0 | G29: =SUM(G30:G43) -> 333183.53 | H29: =SUM(H30:H43) -> 0 | I29: =SUM(I30:I43) -> 0 | J29: =SUM(J30:J43) -> 0 | K29: =SUM(K30:K43) -> 0 | ... S29: =SUM(S30:S43) -> 0
A30: STCM | G30: =etranger!C56+etranger!C57 -> 274242.28
A31: Metaconcept
A32: Biasin
A33: Daramic
A34: Metalliance
A35: Sorfin
A36: Goonvean
A37: Accuma | G37: =etranger!C22+etranger!C23+etranger!C24+etranger!C25 -> 51680 | L37: =+etranger!C8*1.18 -> 14073.152
A38: Akumsan
A39: T B S
A40: Sovema | G40: =+etranger!C53 -> 7261.25
A41: Glatfelter
A42: MECONDOR | Q42: =etranger!C78 -> 8316.86
A43: HEMPE | Q43: 12000
A44: Local | B44: =SUM(B45:B60) -> 0 | C44: =SUM(C45:C60) -> 552333.65 | D44: =SUM(D45:D59) -> 0 | E44: =SUM(E45:E61) -> 0 | F44: =SUM(F45:F59) -> 867367.62 | G44: =SUM(G45:G59) -> 0 | H44: =SUM(H45:H59) -> 0 | I44: =SUM(I45:I59) -> 80983.787 | J44: =SUM(J45:J60) -> 0 | K44: =SUM(K45:K59) -> 0 | L44: =SUM(L45:L59) -> 0 | M44: =SUM(M45:M59) -> 1971.311 | N44: =SUM(N45:N61) -> 10343.768 | O44: =SUM(O45:O61) -> 0 | P44: =SUM(P45:P61) -> 655.002 | Q44: =SUM(Q45:Q61) -> 0 | R44: =SUM(R45:R61) -> 0 | S44: =SUM(S45:S61) -> 72355.628
A45: Recette des Finances | C45: 17333.647 | F45: 102332.41 | I45: 32901.748 | M45: 1971.311 | N45: 10343.768 | P45: 655.002
A46: Salaires
A47: CNSS
A48: Steg | F48: 105846.51 | I48: 28082.039
A49: Leasing
A50: Plomb local | F50: =SOTRAM!J20+HAZEM!I9+HAZEM!I12+HAZEM!I13+150000 -> 378847.93
A51: Traite STA | C51: 25000
A52: STA
A53: Traite SNA | C53: 50000
A54: SNA | C54: 450000
A55: VENTE DEVISE
A56: Fonderie
A57: NOUR HEMP
A58: TIP | E58: 0
A59: Fournisseurs | C59: 10000 | F59: =50000+43150.88+87870.373+36264.253+63055.268 -> 280340.77 | I59: 20000 | S59: =68950+2660.475+745.153 -> 72355.628
A60: CCA
A61: Dividendes
A62: Engagement Banque | B62: =SUM(B63:B64) -> 0 | C62: =SUM(C63:C64) -> 0 | D62: =SUM(D63:D64) -> 0 | E62: =SUM(E63:E64) -> 0 | F62: =SUM(F63:F64) -> 0 | G62: =SUM(G63:G64) -> 0 | H62: =SUM(H63:H64) -> 0 | I62: =SUM(I63:I64) -> 43045.889 | ... P62: =SUM(P63:P64) -> 0 | R62: =SUM(R63:R64) -> 0 | S62: =SUM(S63:S64) -> 0
A63: CMT | I63: =CMT!G15 -> 43045.889
A64: FED | L64: =+FED!C7*1.18 -> 127498.2
A65: Solde au 30/11/2017 | B65: =B3+B4+B8-B28 -> 32523.366 | C65: =C3+C4+C8-C28 -> -226692.4 | D65: =D3+D4+D8-D28 -> 33245.846 | E65: =E3+E4+E8-E28 -> 8470.59 | F65: =F3+F4+F8-F28 -> -4675070 | G65: =G3+G4+G8-G28 -> 260470.5 | H65: =H3+H4+H8-H28 -> 136436.02 | I65: =I3+I4+I8-I28 -> -420850.85 | ... S65: =S3+S4+S8-S28 -> 38927.755
A66: Autorisation | B66: 0 | C66: -200000 | D66: 0 | E66: 0 | F66: -2000000 | G66: 0 | H66: 0 | I66: -420000 | J66: 0 | K66: 0 | L66: 0 | M66: 0 | N66: 0 | O66: 0 | P66: 0 | Q66: 0 | R66: 0 | S66: 0

Sheet 12-2017
B1: SND | D1: SNA | I1: STA | M1: TIP | N1: FONDERIE | O1: PHENICIA | P1: HEMP | R1: Z I | S1: ALPHA
B2: STB | C2: STB MEG | D2: BTK | E2: STB | F2: STB MEG | G2: EURO MEG | H2: $ MEG | I2: STB MEG | J2: STB TH | K2: EURO MEG | L2: $ MEG | M2: STB MEG | N2: STB | O2: STB | P2: STB | Q2: EURO MEG | R2: STB | S2: STB
A3: SOLDE au 30/11/2017 | B3: ='11-2017'!B65 -> 32523.366 | C3: ='11-2017'!C65 -> -226692.4 | D3: ='11-2017'!D65 -> 33245.846 | E3: ='11-2017'!E65 -> 8470.59 | F3: ='11-2017'!F65 -> -4675070 | G3: ='11-2017'!G65 -> 260470.5 | H3: ='11-2017'!H65 -> 136436.02 | I3: ='11-2017'!I65 -> -420850.85 | ... S3: ='11-2017'!S65 -> 38927.755
A4: EN COURS | B4: =SUM(B5:B7) -> 0 | C4: =SUM(C5:C7) -> 0 | D4: =SUM(D5:D7) -> 0 | E4: =SUM(E5:E7) -> 0 | F4: =SUM(F5:F7) -> 0 | G4: =SUM(G5:G7) -> 0 | H4: =SUM(H5:H7) -> 0 | I4: =SUM(I5:I7) -> 0 | ... P4: =SUM(P5:P7) -> 0 | Q4: =SUM(R5:R7) -> 0 | R4: =SUM(S5:S7) -> 0 | S4: =SUM(T5:T7) -> 0
A5: Cheque
A6: Escompte
A7: Virement
A8: Previsions | B8: =B9+B10+B11+B12+B13 -> 20000 | C8: =C9+C10+C11+C12+C13 -> 1800000 | D8: =D9+D10+D12+D13+D20+D25 -> 0 | E8: =E9+E10+E11+E12+E13 -> 30000 | F8: =+F9+F12+F14+F22 -> 3140000 | G8: =G14+G15+G16+G17+G18+G20 -> 455000 | H8: =H14+H15+H16+H17+H18+H20 -> 0 | I8: =I9+I10+I12+I13+I20+I25+I23+I11 -> 170000 | J8: =J9+J10+J12+J13+J20+J25+J23 -> 10000 | K8: =K9+K10+K12+K13+K20+K25 -> 110915.25 | L8: =L9+L10+L12+L13+L20+L25 -> 0 | M8: =M9+M10+M12+M13+M20+M25 -> 250000 | N8: =N9+N10+N12+N13+N20+N25 -> 15000 | O8: =O9+O10+O12+O13+O20+O25 -> 0 | P8: =P9+P10+P12+P13+P20+P25 -> 0 | Q8: =Q9+Q10+Q12+Q13+Q20+Q25 -> 0 | R8: =R9+R10+R12+R13+R20+R25 -> 170000 | S8: =S9+S10+S12+S13+S20+S25 -> 0
A9: Cheque | C9: 900000 | E9: =B54 -> 30000 | F9: =C54 -> 1550000 | I9: =+R9 -> 170000 | J9: =B52 -> 10000 | M9: =E58+F58 -> 250000 | N9: =E56 -> 15000 | P9: =E57 -> 0 | R9: 170000
A10: Espece | C10: 150000
A11: AGENCE | C11: 350000
A12: Escompte | C12: 350000 | F12: 450000
A13: Virement | B13: 20000 | C13: 50000 | D13: =SUM(D14:D18) -> 0 | E13: =SUM(E14:E25) -> 0 | F13: 0 | G13: =SUM(G14:G20) -> 455000 | H13: =SUM(H14:H20) -> 0 | I13: =SUM(I14:I25) -> 0 | J13: =SUM(J14:J25) -> 0 | K13: =SUM(K14:K25) -> 110915.25 | L13: =SUM(L14:L18) -> 0 | M13: =SUM(M14:M18) -> 0 | N13: =SUM(N14:N18) -> 0 | O13: =SUM(O14:O18) -> 0 | P13: =SUM(P14:P18) -> 0 | R13: =SUM(R14:R18) -> 0 | S13: =SUM(S14:S18) -> 0
A14: Vente Devise | F14: =+G55*2.9+H55*2.5 -> 340000 | I14: 0 | K14: =+L55/1.18 -> 94915.254
A15: Maribat
A16: El Haramaine
A17: Med Energy | G17: 15000
A18: Errafik | G18: =110000*4 -> 440000
A19: ENERTECH | K19: 16000
A20: Credit de gestion: FED
A21: CMT
A22: RESTETUTION TVA | F22: 800000
A23: Dividendes
A24: AUGMENTATION CAPITAL
A25: MCNE
A26: Placement | F26: 500000 | N26: 1000000
A27: CMT
A28: Depenses | B28: =B29+B44+B62 -> 44647.076 | C28: =C29+C44+C62 -> 1795465.5 | D28: =D29+D44+D62 -> 10907.228 | E28: =E29+E44+E62 -> 37900.037 | F28: =F29+F44+F62 -> 1265012.5 | G28: =G29+G44+G62 -> 582910.54 | H28: =H29+H44+H62 -> 136000 | I28: =I29+I44+I62 -> 253003.03 | ... S28: =S29+S44+S62 -> 0
A29: Import | B29: =SUM(B30:B43) -> 0 | D29: =SUM(D30:D43) -> 0 | E29: =SUM(E30:E43) -> 0 | F29: =SUM(F30:F43) -> 0 | G29: =SUM(G30:G43) -> 383052.63 | H29: =SUM(H30:H43) -> 0 | I29: =SUM(I30:I43) -> 0 | J29: =SUM(J30:J43) -> 0 | K29: =SUM(K30:K43) -> 112000 | ... P29: =SUM(P30:P43) -> 0 | R29: =SUM(R30:R43) -> 0 | S29: =SUM(S30:S43) -> 0
A30: STCM | G30: =etranger!C58+etranger!C59 -> 224000 | K30: =+etranger!C11 -> 112000
A31: Metaconcept
A32: Biasin
A33: Daramic
A34: Metalliance
A35: Sorfin
A36: Goonvean
A37: Accuma | G37: =+etranger!C26+etranger!C27+etranger!C28+etranger!C29+etranger!C30+etranger!C31+etranger!C32+etranger!C33+etranger!C34+etranger!C35+etranger!C36 -> 159052.63
A38: Akumsan
A39: T B S
A40: Sovema
A41: Glatfelter
A42: MECONDOR
A43: HEMPE
A44: Local | B44: =SUM(B45:B60) -> 44647.076 | C44: =SUM(C45:C60) -> 1795465.5 | D44: =SUM(D45:D59) -> 0 | E44: =SUM(E45:E61) -> 37900.037 | F44: =SUM(F45:F59) -> 1137631 | G44: =SUM(G45:G59) -> 0 | H44: =SUM(H45:H59) -> 136000 | I44: =SUM(I45:I59) -> 203298.85 | J44: =SUM(J45:J60) -> 9758.51 | K44: =SUM(K45:K59) -> 0 | L44: =SUM(L45:L59) -> 112000 | M44: =SUM(M45:M59) -> 248029.17 | N44: =SUM(N45:N61) -> 2375 | O44: =SUM(O45:O61) -> 0 | P44: =SUM(P45:P61) -> 5000 | Q44: =SUM(Q45:Q61) -> 0 | R44: =SUM(R45:R61) -> 0 | S44: =SUM(S45:S61) -> 0
A45: Recette des Finances | C45: 30000 | F45: 100000 | I45: 25000 | M45: 2000 | N45: 475 | P45: 1000
A46: Salaires | C46: 30000 | F46: 95000 | I46: 47000 | M46: 8000 | N46: 1900 | P46: 4000
A47: CNSS
A48: Steg | F48: 110000 | I48: 30000
A49: Leasing | B49: 4647.076 | C49: 5465.488 | E49: 2900.037 | F49: 4830.993 | I49: 1298.846 | J49: 4758.51
A50: Plomb local | F50: =150*1400*1.18 -> 247800
A51: Traite STA | C51: 50000
A52: STA | B52: 10000
A53: Traite SNA | C53: 100000
A54: SNA | B54: 30000 | C54: 1550000
A55: VENTE DEVISE | H55: 136000 | L55: 112000
A56: Fonderie | E56: 15000
A57: NOUR HEMP
A58: TIP | E58: 20000 | F58: 230000
A59: Fournisseurs | C59: 30000 | F59: 350000 | I59: 100000 | J59: 5000 | M59: =50000+75000+63029.166+50000 -> 238029.17
A60: CCA
A61: Dividendes
A62: Engagement Banque | B62: =SUM(B63:B64) -> 0 | C62: =SUM(C63:C64) -> 0 | D62: =SUM(D63:D64) -> 10907.228 | E62: =SUM(E63:E64) -> 0 | F62: =SUM(F63:F64) -> 127381.48 | G62: =SUM(G63:G64) -> 199857.91 | H62: =SUM(H63:H64) -> 0 | I62: =SUM(I63:I64) -> 49704.183 | ... P62: =SUM(P63:P64) -> 0 | R62: =SUM(R63:R64) -> 0 | S62: =SUM(S63:S64) -> 0
A63: CMT | D63: =+CMT!G68 -> 10907.228 | F63: =+CMT!G62+CMT!G63+CMT!G64+CMT!G65+CMT!G66+CMT!G67 -> 127381.48 | I63: =+CMT!G17+CMT!G18 -> 49704.183
A64: FED | G64: =+FED!C10 -> 199857.91
A65: Solde au 31/12/2017 | B65: =B3+B4+B8-B28 -> 7876.29 | C65: =C3+C4+C8-C28 -> -222157.89 | D65: =D3+D4+D8-D28 -> 22338.618 | E65: =E3+E4+E8-E28 -> 570.553 | F65: =F3+F4+F8-F28 -> -2800082.5 | G65: =G3+G4+G8-G28 -> 132559.96 | H65: =H3+H4+H8-H28 -> 436.02 | I65: =I3+I4+I8-I28 -> -503853.88 | ... Q65: =Q3+Q4+Q8-Q28 -> 5678.55 | R65: =Q3+Q4+R8-R28 -> 175678.55 | S65: =R3+R4+S8-S28 -> 4084.299
A66: Autorisation | B66: 0 | C66: -200000 | D66: 0 | E66: 0 | F66: -2000000 | G66: 0 | H66: 0 | I66: -420000 | J66: 0 | K66: 0 | L66: 0 | M66: 0 | N66: 0 | O66: 0 | P66: 0 | Q66: 0 | R66: 0 | S66: 0

Sheet etranger
A1: =TODAY() -> 43410
A2: TAUX EURO/TND | C2: 42735 | D2: 2.82478
A3: TAUX USD/TND | C3: 42735 | D3: 2.40205
A4: TAUX GBP/TND | C4: 42735 | D4: 3.13215
A5: TAUX CNY/TND | C5: 42951 | D5: 0.38
A6: S T A
A7: FOURNISSEUR | B7: MONNAIE | C7: MONT DEV. | D7: MONT DT | E7: DATE FACTURE | F7: ECHEANCE
A8: ACCUMA 22 | B8: EUR | C8: 11926.4 | D8: =C8*$D$2 -> 33689.456 | E8: 42908 | F8: =+E8+60 -> 42968
A9: TOTAL | C9: =SUM(C8:C8) -> 11926.4
A11: STCM 20 | B11: EUR | C11: 112000 | D11: =+C11*D2 -> 316375.36 | E11: 50 TO
A12: TOTAL | C12: =SUM(C11:C11) -> 112000
A15: TOTAL | C15: =SUM(C14:C14) -> 0
A18: TOTAL | C18: =SUM(C17:C17) -> 0
A20: S N A
A21: FOURNISSEUR | B21: MONNAIE | C21: MONT DEV. | D21: MONT DT | E21: DATE FACTURE | F21: ECHEANCE
A22: ACCUMA 33 | B22: EUR | C22: 13737.63 | D22: =C22*$D$2 -> 38805.782 | E22: 42984 | F22: =E22+60 -> 43044
A23: ACCUMA 34 | B23: EUR | C23: 12299.3 | D23: =C23*$D$2 -> 34742.817 | E23: 42986 | F23: =E23+60 -> 43046
A24: ACCUMA 35 | B24: EUR | C24: 12207.89 | D24: =C24*$D$2 -> 34484.604 | E24: 42986 | F24: =E24+60 -> 43046
A25: ACCUMA 36 | B25: EUR | C25: 13435.18 | D25: =C25*$D$2 -> 37951.428 | E25: 42991 | F25: =E25+60 -> 43051
A26: ACCUMA 37 | B26: EUR | C26: 17070.36 | D26: =C26*$D$2 -> 48220.012 | E26: 42993 | F26: =E26+60 -> 43053
A27: ACCUMA 38 | B27: EUR | C27: 16605.36 | D27: =C27*$D$2 -> 46906.489 | E27: 43005 | F27: =E27+60 -> 43065
A28: ACCUMA 39 | B28: EUR | C28: 13607.38 | D28: =C28*$D$2 -> 38437.855 | E28: 43005 | F28: =E28+60 -> 43065
A29: ACCUMA 40 | B29: EUR | C29: 8986.47 | D29: =C29*$D$2 -> 25384.801 | E29: 43005 | F29: =E29+60 -> 43065
A30: ACCUMA 41 | B30: EUR | C30: 17217.37 | D30: =C30*$D$2 -> 48635.282 | E30: 43005 | F30: =E30+60 -> 43065
A31: ACCUMA 42 | B31: EUR | C31: 13027.18 | D31: =C31*D2 -> 36798.918 | E31: 43014 | F31: =E31+60 -> 43074
A32: ACCUMA 43 | B32: EUR | C32: 10909.14 | D32: =C32*D2 -> 30815.92 | E32: 43014 | F32: =E32+60 -> 43074
A33: ACCUMA 44 | B33: EUR | C33: 11962.13 | D33: =+C33*D2 -> 33790.386 | E33: 43020 | F33: =E33+60 -> 43080
A34: ACCUMA 45 | B34: EUR | C34: 17967.63 | D34: =+C34*D2 -> 50754.602 | E34: 43028 | F34: =E34+60 -> 43088
A35: ACCUMA 46 | B35: EUR | C35: 15561.37 | D35: =+C35*D2 -> 43957.447 | E35: 43031 | F35: =E35+60 -> 43091
A36: ACCUMA 47 | B36: EUR | C36: 16138.24 | D36: =+C36*$D$2 -> 45586.978 | E36: 43035 | F36: =E36+60 -> 43095
A37: ACCUMA 48 | B37: EUR | C37: 22136.18 | D37: =+C37*$D$2 -> 62529.839 | E37: 43047 | F37: =E37+60 -> 43107
A38: ACCUMA 49 | B38: EUR | C38: 13272.49 | D38: =+C38*$D$2 -> 37491.864 | E38: 43047 | F38: =E38+60 -> 43107
A39: ACCUMA 50 | B39: EUR | C39: 15404.41 | D39: =+C39*$D$2 -> 43514.069 | E39: 43048 | F39: =E39+60 -> 43108
A40: ACCUMA 51 | B40: EUR | C40: 12240.28 | D40: =+C40*$D$2 -> 34576.098 | E40: 43054 | F40: =E40+60 -> 43114
A41: ACCUMA 52 | B41: EUR | C41: 13390.78 | D41: =+C41*$D$2 -> 37826.008 | E41: 43054 | F41: =E41+60 -> 43114
A44: TOTAL | C44: =SUM(C22:C43) -> 287176.77
A46: DARAMIC | B46: EUR | C46: 47512.84 | D46: =+C46*D2 -> 134213.32 | E46: 43055 | F46: =+E46+90 -> 43145
A47: TOTAL | C47: =SUM(C46) -> 47512.84
A49: SORFIN | B49: GBP | C49: 35667 | D49: =+C49*D4 -> 111714.39
A50: TOTAL | C50: =SUM(C49) -> 35667
A52: SOVEMA 6 | B52: EUR | C52: 287 | D52: =+C52*D2 -> 810.71186
A53: SOVEMA 7 | B53: EUR | C53: 7261.25 | D53: =+C53*D2 -> 20511.434
A54: TOTAL | C54: =SUM(C52:C53) -> 7548.25
A56: STCM 18 | B56: EUR | C56: 106242.28 | D56: =+C56*D4 -> 332766.76 | E56: 50 TO | F56: 43009
A57: STCM 19 | B57: EUR | C57: 168000 | E57: 75 TO | F57: 43040
A58: STCM 21 | B58: EUR | C58: 56000 | E58: 25 TO
A59: STCM 22 | B59: EUR | C59: 168000 | E59: 75 TO | F59: 43070
A60: STCM | B60: EUR | C60: 168000 | E60: 75 TO
A62: TOTAL | C62: =SUM(C56:C61) -> 666242.28
A64: CEMT | B64: CNY | C64: 9671000 | D64: =+C64*D5 -> 3674980 | E64: 0.9 | F64: 43054
E65: 0.1 | F65: 43221
A67: TOTAL | C67: =SUM(C64:C66) -> 9671000
A69: HEMPE | B69: EUR | C69: 335000 | D69: =+C69*D2 -> 946301.3 | E69: REGLEMENT | F69: 40000
A70: HEMPE | B70: EUR | C70: =65000 -> 65000 | E70: 42895 | F70: 71000
A71: HEMPE | B71: EUR | C71: =14477.06+837.73 -> 15314.79 | E71: 42998 | F71: 15000
E72: 43010 | F72: 16000
E73: 43017 | F73: 25000
E74: TOTAL EXPORT | F74: =EXPORT!B132 -> 204075.12
A76: TOTAL | C76: =SUM(C69:C75) -> 415314.79
A78: MECONDOR | B78: EUR | C78: 8316.86 | D78: =+C78*D2 -> 23493.3
A80: TOTAL | C80: =SUM(C78:C79) -> 8316.86

Sheet CMT
B1: STA-NOUR
B2: ECHEANCIER 2017
B4: Crédit | D4: Échéance | E4: Principal | F4: Intérêt | G4: Total | H4: PP | I4: INT
B5: STB TH | C5: 87200 | D5: 42916 | E5: 6228.571 | F5: 409.356 | G5: =SUM(E5:F5) -> 6637.927
B6: Total 06/2017 | E6: =SUM(E1:E5) -> 6228.571 | F6: =SUM(F1:F5) -> 409.356 | G6: =SUM(E6:F6) -> 6637.927
B7: STB MEG | C7: 400000 | D7: 42947 | E7: 41341.207 | F7: 823.448 | G7: =SUM(E7:F7) -> 42164.655
B8: Total 07/2017 | E8: =SUM(E7) -> 41341.207 | F8: =SUM(F7) -> 823.448 | G8: =SUM(G7) -> 42164.655
B9: STB MEG | C9: 400000 | D9: 42978 | E9: 41341.207 | F9: 1047.368 | G9: =SUM(E9:F9) -> 42388.575
B10: Total 08/2017 | E10: =SUM(E9:E9) -> 41341.207 | F10: =SUM(F9:F9) -> 1047.368 | G10: =SUM(G9:G9) -> 42388.575
B11: STB MEG | C11: 400000 | D11: 43008 | E11: 41341.207 | F11: 1264.065 | G11: =SUM(E11:F11) -> 42605.272
B12: Total 09/2017 | E12: =SUM(E11:E11) -> 41341.207 | F12: =SUM(F11:F11) -> 1264.065 | G12: =SUM(G11:G11) -> 42605.272
B13: STB MEG | C13: 400000 | D13: 43039 | E13: 41341.207 | F13: 1487.985 | G13: =SUM(E13:F13) -> 42829.192
B14: Total 10/2017 | E14: =SUM(E13:E13) -> 41341.207 | F14: =SUM(F13:F13) -> 1487.985 | G14: =SUM(G13:G13) -> 42829.192
B15: STB MEG | C15: 400000 | D15: 43069 | E15: 41341.207 | F15: 1704.682 | G15: =SUM(E15:F15) -> 43045.889
B16: Total 11/2017 | E16: =SUM(E15:E15) -> 41341.207 | F16: =SUM(F15:F15) -> 1704.682 | G16: =SUM(G15:G15) -> 43045.889
B17: STB TH | C17: 87200 | D17: 43100 | E17: 6228.571 | F17: 205.803 | G17: =SUM(E17:F17) -> 6434.374 | H17: REGLEMENT FINAL
B18: STB MEG | C18: 400000 | D18: 43100 | E18: 41341.207 | F18: 1928.602 | G18: =SUM(E18:F18) -> 43269.809
B19: Total 12/2017 | E19: =SUM(E17:E18) -> 47569.778 | F19: =SUM(F17:F18) -> 2134.405 | G19: =SUM(G17:G18) -> 49704.183
B21: TOTAL 2017 | E21: =E6+E8+E10+E12+E14+E16+E19 -> 260504.38 | F21: =F6+F8+F10+F12+F14+F16+F19 -> 8871.309 | G21: =G6+G8+G10+G12+G14+G16+G19 -> 269375.69
B23: SNA-NOUR
B24: ECHEANCIER 2017
B26: Crédit | D26: Échéance | E26: Principal | F26: Intérêt | G26: Total | H26: PP | I26: INT
B27: BTK | C27: 1488000 | D27: 42761 | E27: 106285.71 | F27: 15618.095 | G27: =SUM(E27:F27) -> 121903.81
B28: STB TH | C28: 2418000 | D28: 42761 | E28: 172714.29 | F28: 24275.952 | G28: =SUM(E28:F28) -> 196990.24
B29: Total 01/2017 | E29: =SUM(E27:E28) -> 279000 | F29: =SUM(F27:F28) -> 39894.047 | G29: =SUM(E29:F29) -> 318894.05
B30: STUSID | C30: 800000 | D30: 42791 | E30: 28571.429 | F30: 1665 | G30: =SUM(E30:F30) -> 30236.429
B31: Total 02/2017 | E31: =SUM(E30) -> 28571.429 | F31: =SUM(F30) -> 1665 | G31: =SUM(E31:F31) -> 30236.429
B32: STB TH | C32: 500000 | D32: 42825 | F32: 8100 | G32: =SUM(E32:F32) -> 8100
B33: STB TH | C33: 1150000 | D33: 42825 | F33: 18658.75 | G33: =SUM(E33:F33) -> 18658.75
B34: STB TH | C34: 1000000 | D34: 42825 | F34: 16175 | G34: =SUM(E34:F34) -> 16175
B35: STB TH | C35: 1000000 | D35: 42825 | E35: 0 | F35: 3755.357 | G35: =SUM(E35:F35) -> 3755.357
B36: STB TH | C36: 350000 | D36: 42825 | F36: 1907.5 | G36: =SUM(E36:F36) -> 1907.5
B37: BTK | C37: 300000 | D37: 42825 | E37: 10714 | F37: 724.401 | G37: =SUM(E37:F37) -> 11438.401
B38: Total 03/2017 | E38: =SUM(E32:E37) -> 10714 | F38: =SUM(F32:F37) -> 49321.008 | G38: =SUM(E38:F38) -> 60035.008
B39: STUSID | C39: 800000 | D39: 42880 | E39: 28571.429 | F39: 1110 | G39: =SUM(E39:F39) -> 29681.429
B40: Total 05/2017 | E40: =SUM(E39) -> 28571.429 | F40: =SUM(F39) -> 1110 | G40: =SUM(E40:F40) -> 29681.429
B41: STB TH | C41: 500000 | D41: 42916 | E41: 0 | F41: 8190 | G41: =SUM(E41:F41) -> 8190
B42: STB TH | C42: 1150000 | D42: 42916 | E42: 0 | F42: 18866.069 | G42: =SUM(E42:F42) -> 18866.069
B43: STB TH | C43: 1000000 | D43: 42916 | E43: 0 | F43: 16354.722 | G43: =SUM(E43:F43) -> 16354.722
B44: STB TH | C44: 1000000 | D44: 42916 | E44: 71428.571 | F44: 3797.083 | G44: =SUM(E44:F44) -> 75225.654
B45: STB TH | C45: 350000 | D45: 42916 | E45: 0 | F45: 5786.083 | G45: =SUM(E45:F45) -> 5786.083
B46: STB TH | C46: 500000 | D46: 42916 | E46: 0 | F46: 4995 | G46: =SUM(E46:F46) -> 4995
B47: BTK | C47: 300000 | D47: 42916 | E47: 10714 | F47: 549.372 | G47: =SUM(E47:F47) -> 11263.372
B48: Total 06/2017 | E48: =SUM(E41:E47) -> 82142.571 | F48: =SUM(F41:F47) -> 58538.33 | G48: =SUM(E48:F48) -> 140680.9
B49: BTK | C49: 1488000 | D49: 42942 | E49: 106285.71 | F49: 12290.762 | G49: =SUM(E49:F49) -> 118576.48
B50: STB TH | C50: 2418000 | D50: 42942 | E50: 172714.29 | F50: 19104.119 | G50: =SUM(E50:F50) -> 191818.4
B51: Total 07/2017 | E51: =SUM(E49:E50) -> 279000 | F51: =SUM(F49:F50) -> 31394.881 | G51: =SUM(E51:F51) -> 310394.88
B52: STUSID | C52: 800000 | D52: 42972 | E52: 28571.417 | F52: 555 | G52: =SUM(E52:F52) -> 29126.417 | H52: REGLEMENT FINAL
B53: Total 08/2017 | E53: =SUM(E52) -> 28571.417 | F53: =SUM(F52) -> 555 | G53: =SUM(E53:F53) -> 29126.417
B54: STB TH | C54: 500000 | D54: 43008 | E54: 41666.667 | F54: 8280 | G54: =SUM(E54:F54) -> 49946.667
B55: STB TH | C55: 1150000 | D55: 43008 | E55: 95833.333 | F55: 19073.389 | G55: =SUM(E55:F55) -> 114906.72
B56: STB TH | C56: 1000000 | D56: 43008 | E56: 83333.333 | F56: 16534.444 | G56: =SUM(E56:F56) -> 99867.778
B57: STB TH | C57: 1000000 | D57: 43008 | E57: 0 | F57: 2559.206 | G57: =SUM(E57:F57) -> 2559.206
B58: STB TH | C58: 350000 | D58: 43008 | E58: 29166.667 | F58: 5849.667 | G58: =SUM(E58:F58) -> 35016.334
B59: STB TH | C59: 500000 | D59: 43008 | E59: 41666.667 | F59: 8510 | G59: =SUM(E59:F59) -> 50176.667
B60: BTK | C60: 300000 | D60: 43008 | E60: 10714 | F60: 370.318 | G60: =SUM(E60:F60) -> 11084.318
B61: Total 09/2017 | E61: =SUM(E54:E60) -> 302380.67 | F61: =SUM(F54:F60) -> 61177.024 | G61: =SUM(E61:F61) -> 363557.69
B62: STB TH | C62: 500000 | D62: 43100 | E62: 0 | F62: 7590 | G62: =SUM(E62:F62) -> 7590
B63: STB TH | C63: 1150000 | D63: 43100 | E63: 0 | F63: 17483.94 | G63: =SUM(E63:F63) -> 17483.94
B64: STB TH | C64: 1000000 | D64: 43100 | E64: 0 | F64: 15156.574 | G64: =SUM(E64:F64) -> 15156.574
B65: STB TH | C65: 1000000 | D65: 43100 | E65: 71428.571 | F65: 2559.206 | G65: =SUM(E65:F65) -> 73987.777
B66: STB TH | C66: 350000 | D66: 43100 | E66: 0 | F66: 5362.194 | G66: =SUM(E66:F66) -> 5362.194
B67: STB TH | C67: 500000 | D67: 43100 | E67: 0 | F67: 7801 | G67: =SUM(E67:F67) -> 7801
B68: BTK | C68: 300000 | D68: 43100 | E68: 10722 | F68: 185.228 | G68: =SUM(E68:F68) -> 10907.228 | H68: REGLEMENT FINAL
B69: Total 12/2017 | E69: =SUM(E62:E68) -> 82150.571 | F69: =SUM(F62:F68) -> 56138.142 | G69: =SUM(E69:F69) -> 138288.71
B71: TOTAL 2017 | E71: =+E69+E61+E53+E51+E48+E40+E38+E31+E29 -> 1121102.1 | F71: =+F69+F61+F53+F51+F48+F40+F38+F31+F29 -> 299793.43 | G71: =+G69+G61+G53+G51+G48+G40+G38+G31+G29 -> 1420895.5

Sheet EXPORT
A2: CLIENT | B2: Facture | H2: MCNE | K2: REGLEMENT | M2: DIFFERENCE
B3: Numéro | C3: Date | D3: DEV | E3: MONTANT | F3: TND | G3: Échéance | H3: Montant | I3: DATE MEP | J3: ECHEANCE | K3: Montant | L3: Date
A4: MARIBAT | B4: EX150015 | C4: 42338 | D4: USD | E4: 185713.44 | F4: =+E4*2.0433 -> 379468.27 | G4: 42459 | H4: 305000 | J4: =+C4+90 -> 42428 | K4: =90414.1+83300*1.12825 -> 184397.33 | M4: =E4-K4 -> 1316.115
A5: EL HARAMAINE | B5: EX160002 | C5: 42389 | D5: USD | E5: 57547.5 | F5: =E5*2.0365 -> 117195.48 | G5: 42479 | K5: 57547.5 | M5: =E5-K5 -> 0
A6: MED ENERGY | B6: EX160003 | C6: 42394 | D6: USD | E6: 61973.64 | F6: =E6*2.03285 -> 125983.11 | G6: 42484 | K6: 61973.64 | M6: =E6-K6 -> 0
A7: MED ENERGY | B7: EX160004 | C7: 42422 | D7: USD | E7: 31260.71 | F7: =+E7*2.0168 -> 63046.6 | G7: =+C7+90 -> 42512 | K7: 31182.71 | M7: =E7-K7 -> 78
A8: MARIBAT | B8: EX160005 | C8: 42432 | D8: USD | E8: 97110.5 | F8: =E8*2.02425 -> 196575.93 | G8: 42567 | K8: =12997+84054 -> 97051 | M8: =E8-K8 -> 59.5
A9: MED ENERGY | B9: EX160006 | C9: 42445 | D9: USD | E9: 17500.78 | F9: =+E9*2.01395 -> 35245.696 | G9: =C9+90 -> 42535 | K9: 17437.78 | M9: =E9-K9 -> 63
A10: MARIBAT | B10: EX160007 | C10: 42461 | D10: USD | E10: 15887.8 | F10: =E10*1.98505 -> 31538.077 | G10: 42585 | K10: =2196.38+13625 -> 15821.38 | M10: =E10-K10 -> 66.42
A11: MED ENERGY | B11: EX160008 | C11: 42495 | D11: USD | E11: 13784.67 | F11: =+E11*1.98675 -> 27386.693 | G11: =+C11+90 -> 42585 | K11: 13719.17 | M11: =E11-K11 -> 65.5
A12: MED ENERGY | B12: EX160009 | C12: 42495 | D12: EUR | E12: 58790.64 | F12: =+E12*2.2687 -> 133378.32 | G12: =+C12+90 -> 42585 | K12: =46740.64+11960 -> 58700.64 | M12: =E12-K12 -> 90
A13: MARIBAT | B13: EX160010 | C13: 42506 | D13: USD | E13: 38827.5 | F13: =+E13*2.0226 -> 78532.502 | G13: 42630 | K13: =5188.54+33549.74 -> 38738.28 | M13: =E13-K13 -> 89.22
A14: MARIBAT | B14: EX160011 | C14: 42542 | D14: USD | E14: 37074 | F14: =+E14*2.14625 -> 79570.073 | G14: 42669 | K14: =13578+5163.9+18217.5 -> 36959.4 | M14: =E14-K14 -> 114.6
A15: MARIBAT | B15: EX160012 | C15: 42542 | D15: USD | E15: 3480 | F15: =+E15*2.14625 -> 7468.95 | G15: 42669 | K15: 3455 | M15: =E15-K15 -> 25
A16: ERRAFIK | B16: EX160014 | C16: 42695 | D16: EUR | E16: 284382.2 | F16: =+E16*2.42505 -> 689641.05 | G16: =+C16+60 -> 42755 | K16: =49950+100950+101950+31500 -> 284350 | M16: =E16-K16 -> 32.2
A17: ERRAFIK | B17: EX160015 | C17: 42704 | D17: EUR | E17: 187097.52 | F17: =+E17*2.42625 -> 453945.36 | G17: =+C17+60 -> 42764 | K17: =102950-31500+103950+11480 -> 186880 | M17: =E17-K17 -> 217.52
A18: MARIBAT | B18: EX170001 | C18: 42765 | D18: USD | E18: 73064.4 | F18: =+E18*2.26605 -> 165567.58 | G18: =+C18+120 -> 42885 | K18: =10173.28+62770 -> 72943.28 | M18: =+E18-K18 -> 121.12
A19: ENERTECH | B19: EX170002 | C19: 42780 | D19: EUR | E19: 17555.59 | F19: =+E19*2.4179 -> 42447.661 | G19: =+C19 -> 42780 | K19: 17555.59 | M19: =+E19-K19 -> 0
A20: MARIBAT | B20: EX170003 | C20: 42781 | D20: USD | E20: 17856 | F20: =+E20*2.272 -> 40568.832 | G20: =+C20+120 -> 42901 | K20: =2549.2+15270 -> 17819.2 | M20: =+E20-K20 -> 36.8
A21: MARIBAT | B21: EX170004 | C21: 42844 | D21: USD | E21: 35287.2 | F21: =+E21*2.31555 -> 81709.276 | G21: =+C21+120 -> 42964 | K21: =5062.04+30100 -> 35162.04 | M21: =+E21-K21 -> 125.16
A22: MARIBAT | B22: EX170005 | C22: 42864 | D22: USD | E22: 73647 | F22: =+E22*2.39905 -> 176682.84 | G22: =+C22+120 -> 42984 | K22: =10380.8+63196.5 -> 73577.3 | M22: =+E22-K22 -> 69.7
A23: MARIBAT | B23: EX170006 | C23: 42888 | D23: USD | E23: 44179.99 | F23: =+E23*2.42865 -> 107297.73 | G23: =+C23+120 -> 43008 | K23: 4855.4 | M23: =+E23-K23 -> 39324.59
A24: MARIBAT | B24: EX170007 | C24: 42928 | D24: USD | E24: 92625.75 | F24: =+E24*2.4274 -> 224839.75 | G24: =+C24+120 -> 43048 | K24: =12804.1+79661.5 -> 92465.6 | M24: =+E24-K24 -> 160.15
A25: ENERTECH | B25: EX170008 | C25: 42998 | D25: EUR | E25: 17117.85 | F25: =+E25*2.9097 -> 49807.808 | G25: =+C25+120 -> 43118 | K25: 17117.85 | M25: =+E25-K25 -> 0
A26: MARIBAT | B26: EX170009 | C26: 43054 | D26: USD | E26: 71193.6 | F26: =+E26*2.4747 -> 176182.8 | G26: =+C26+120 -> 43174 | M26: =+E26-K26 -> 71193.6
A29: CLIENT | B29: Facture | H29: MCNE | K29: REGLEMENT | M29: DIFFERENCE
B30: Numéro | C30: Date | D30: DEV | E30: MONTANT | F30: TND | G30: Échéance | H30: Montant | I30: DATE MEP | J30: ECHEANCE | K30: Montant | L30: Date
A31: MARIBAT | B31: FN110017 | C31: 40680 | D31: EUR | E31: 5190.95 | F31: =+E31*1.95835 -> 10165.697 | G31: =+C31+90 -> 40770 | M31: =+E31-K31 -> 5190.95
A32: MARIBAT | B32: FN150083 | C32: 42356 | D32: USD | E32: 217912.86 | F32: =E32*2.01185 -> 438407.99 | G32: 42485 | K32: =113564.6+104348.26 -> 217912.86 | M32: =E32-K32 -> 0
A33: ERRAFIK | B33: FN150084 | C33: 42359 | D33: EUR | E33: 694484.64 | F33: =E33*2.19375 -> 1523525.7 | G33: 42456 | K33: =49960-39400+88520+100950+99945+49934.5+99924.5+24900+24960+49900+29960+29982+34949.5+21960+28000 -> 694445.5 | M33: =E33-K33 -> 39.14
A34: MARIBAT | B34: FN150085 | C34: 42363 | D34: EUR | E34: 2590.8 | F34: =+E34*2.19995 -> 5699.6305 | G34: 42485 | K34: 2783.74 | M34: =E34-K34 -> -192.94
A35: MED ENERGY | B35: FN160001 | C35: 42388 | D35: EUR | E35: 70769.15 | F35: =E35*2.21425 -> 156700.59 | G35: 42478 | K35: =20719.15+24950+24950 -> 70619.15 | M35: =E35-K35 -> 150
A36: MARIBAT | B36: FN160002 | C36: 42394 | D36: USD | E36: 120772.23 | F36: =+E36*2.0293 -> 245083.09 | G36: 42522 | K36: =61633.4-K37+60440.56 -> 120729.96 | M36: =E36-K36 -> 42.27
A37: MARIBAT | B37: FN160003 | C37: 42396 | D37: USD | E37: 1344 | F37: =+E37*2.0293 -> 2727.3792 | G37: 42522 | K37: 1344 | M37: =E37-K37 -> 0
A38: ERRAFIK | B38: FN160007 | C38: 42405 | D38: EUR | E38: 354482.12 | F38: =E38*2.232 -> 791204.09 | G38: 42502 | K38: =54480+50000+100000+100000+5000+40000+5002.12 -> 354482.12 | M38: =E38-K38 -> 0
A39: MARIBAT | B39: FN160008 | C39: 42412 | D39: USD | E39: 110497.38 | F39: =E39*2.00195 -> 221210.23 | G39: 42543 | K39: =58678.54-3945.6+55714.44 -> 110447.38 | M39: =E39-K39 -> 50
A40: MED ENERGY | B40: FN160009 | C40: 42412 | D40: EUR | E40: 52613.6 | F40: =E40*2.24105 -> 117909.71 | G40: 42502 | K40: 52563.6 | M40: =E40-K40 -> 50
A41: MARIBAT | B41: FN160010 | C41: 42416 | D41: USD | E41: 3945.6 | F41: =E41*2.00195 -> 7898.8939 | G41: 42543 | K41: 3945.6 | M41: =E41-K41 -> 0
A42: MED ENERGY | B42: FN160011 | C42: 42422 | D42: EUR | E42: 36924.26 | F42: =+E42*2.2214 -> 82023.551 | G42: =+C42+90 -> 42512 | K42: 36874.26 | M42: =E42-K42 -> 50
A43: EL HARAMAINE | B43: FN160012 | C43: 42423 | D43: USD | E43: 58754.1 | F43: =+E43*2.01295 -> 118269.07 | G43: =+C43+90 -> 42513 | K43: 58754.1 | M43: =E43-K43 -> 0
A44: ERRAFIK | B44: FN160016 | C44: 42436 | D44: EUR | E44: 346818.74 | F44: =+E44*2.2428 -> 777845.07 | G44: =+C44+90 -> 42526 | H44: 620000 | J44: 42521 | K44: =79900-5002.12+25000+25000+25000+15000+80000+40000+31840+9950+20000 -> 346687.88 | M44: =E44-K44 -> 130.86
A45: MED ENERGY | B45: FN160017 | C45: 42445 | D45: EUR | E45: 56915.18 | F45: =+E45*2.2342 -> 127159.9 | G45: =+C45+90 -> 42535 | K45: =20865.18+36000 -> 56865.18 | M45: =E45-K45 -> 50
A46: MED ENERGY | B46: FN160018 | C46: 42460 | D46: EUR | E46: 55894.19 | F46: =E46*2.25995 -> 126318.07 | G46: =+C46+90 -> 42550 | K46: =46844.19-36000+22950+21950 -> 55744.19 | M46: =E46-K46 -> 150
A47: MARIBAT | B47: FN160022 | C47: 42461 | D47: USD | E47: 124293.26 | F47: =E47*1.98505 -> 246728.34 | G47: 42585 | K47: =60173.9+64059.36 -> 124233.26 | M47: =E47-K47 -> 60
A48: MED ENERGY | B48: FN160023 | C48: 42471 | D48: EUR | E48: 71366.58 | F48: =E48*2.2645 -> 161609.62 | G48: =+C48+90 -> 42561 | K48: 71316.58 | M48: =E48-K48 -> 50
A49: MARIBAT | B49: FN160025 | C49: 42480 | D49: USD | E49: 3720 | F49: =+E49*1.99715 -> 7429.398 | G49: 42603 | K49: 3662 | M49: =E49-K49 -> 58
A50: EL HARAMAINE | B50: FN160026 | C50: 42480 | D50: USD | E50: 59734.6 | F50: =+E50*1.99715 -> 119298.96 | G50: 42580 | K50: 59734.6 | M50: =E50-K50 -> 0
A51: MARIBAT | B51: FN160027 | C51: 42485 | D51: USD | E51: 190231.2 | F51: =+E51*1.99715 -> 379920.24 | G51: 42603 | H51: 305000 | J51: 42607 | K51: =163674-64059.36+90538.6 -> 190153.24 | M51: =E51-K51 -> 77.96
A52: EL HARAMAINE | B52: FN160031 | C52: 42503 | D52: USD | E52: 60309.6 | F52: =E52*2.02365 -> 122045.52 | G52: 42601 | K52: 60309.6 | M52: =E52-K52 -> 0
A53: MARIBAT | B53: FN160032 | C53: 42513 | D53: USD | E53: 243352.73 | F53: =E53*2.02365 -> 492460.75 | G53: 42630 | H53: 395000 | J53: 42638 | K53: =123502.1-2842.8+122644.67 -> 243303.97 | M53: =E53-K53 -> 48.76
A54: MARIBAT | B54: FN160033 | C54: 42506 | D54: USD | E54: 2902.8 | F54: =+E54*2.02365 -> 5874.2512 | G54: 42630 | K54: =2902.8-60 -> 2842.8 | M54: =E54-K54 -> 60
A55: MED ENERGY | B55: FN160034 | C55: 42515 | D55: EUR | E55: 58025.49 | F55: =E55*2.28935 -> 132840.66 | G55: =+C55+90 -> 42605 | K55: =12985.49+10960+11019+20163.57+2850 -> 57978.06 | M55: =E55-K55 -> 47.43
A56: MARIBAT | B56: FN160038 | C56: 42522 | D56: USD | E56: 181444.41 | F56: =+E56*2.0914 -> 379472.84 | G56: 42647 | K56: =90963.81+91051.3-637.2 -> 181377.91 | M56: =E56-K56 -> 66.5
A57: MARIBAT | B57: FN160039 | C57: 42522 | D57: USD | E57: 637.2 | F57: =+E57*2.0914 -> 1332.6401 | G57: 42647 | K57: 637.2 | M57: =E57-K57 -> 0
A58: MED ENERGY | B58: FN160040 | C58: 42523 | D58: USD | E58: 32695.26 | F58: =+E58*2.1062 -> 68862.757 | G58: =+C58+90 -> 42613 | K58: 32614.76 | M58: =E58-K58 -> 80.5
A59: MED ENERGY | B59: FN160041 | C59: 42527 | D59: EUR | E59: 33241.94 | F59: =+E59*2.34895 -> 78083.655 | G59: =+C59+90 -> 42617 | K59: =813.45+12225+20000 -> 33038.45 | M59: =E59-K59 -> 203.49
A60: ERRAFIK | B60: FN160042 | C60: 42528 | D60: EUR | E60: 249442.34 | F60: =+E60*2.3642 -> 589731.58 | G60: =+C60+90 -> 42618 | K60: =60000+39960+39950+25000+10000+25000+49500 -> 249410 | M60: =E60-K60 -> 32.34
A61: ERRAFIK | B61: FN160045 | C61: 42552 | D61: EUR | E61: 247327.72 | F61: =+E61*2.43635 -> 602576.89 | G61: =+C61+90 -> 42642 | H61: 485000 | J61: 42648 | K61: =64922.5-49500+85000+59957+79548.68+7399.54 -> 247327.72 | M61: =E61-K61 -> 0
A62: MARIBAT | B62: FN160046 | C62: 42565 | D62: USD | E62: 182006.54 | F62: =E62*2.20895 -> 402043.35 | G62: 42698 | H62: 320000 | J62: 42689 | K62: =72601.19+90445.6+18809.75 -> 181856.54 | M62: =E62-K62 -> 150
A63: MED ENERGY | B63: FN160050 | C63: 42583 | D63: EUR | E63: 47822.32 | F63: =+E63*2.45605 -> 117454.01 | G63: =+C63+90 -> 42673 | K63: 10994.42 | M63: =E63-K63 -> 36827.9
A64: ERRAFIK | B64: FN160051 | C64: 42585 | D64: EUR | E64: 256710.4 | F64: =+E64*2.45645 -> 630596.26 | G64: =+C64+90 -> 42675 | K64: =39965-7399.54+99975+99955+24214.94 -> 256710.4 | M64: =E64-K64 -> 0
A65: EL HARAMAINE | B65: FN160052 | C65: 42594 | D65: USD | E65: 61609.6 | F65: =+E65*2.20485 -> 135839.93 | G65: 42692 | K65: 61609.6 | M65: =E65-K65 -> 0
A66: MARIBAT | B66: FN160053 | C66: 42599 | D66: USD | E66: 201518.23 | F66: =E66*2.18885 -> 441093.18 | G66: 42722 | K66: =90429.6+110873.72 -> 201303.32 | M66: =E66-K66 -> 214.91
A67: ERRAFIK | B67: FN160054 | C67: 42599 | D67: EUR | E67: 176779.1 | F67: =E67*2.4649 -> 435742.8 | G67: =+C67+90 -> 42689 | K67: =50000-24214.94+59950+24965+66079.04 -> 176779.1 | M67: =E67-K67 -> 0
A68: ERRAFIK | B68: FN160055 | C68: 42606 | D68: EUR | E68: 182078.8 | F68: =+E68*2.4651 -> 448842.45 | G68: =+C68+90 -> 42696 | K68: =86970-66079.04+44970+99975+16242.84 -> 182078.8 | M68: =E68-K68 -> 0
A69: MARIBAT | B69: FN160058 | C69: 42619 | D69: USD | E69: 201819.58 | F69: =+E69*2.19925 -> 443851.71 | G69: =+C69+120 -> 42739 | K69: =90445.6+111210.5 -> 201656.1 | M69: =E69-K69 -> 163.48
A70: ERRAFIK | B70: FN160059 | C70: 42619 | D70: EUR | E70: 93763.1 | F70: =+E70*2.45675 -> 230352.5 | G70: =+C70+90 -> 42709 | K70: =49970-16242.84+60035.94 -> 93763.1 | M70: =E70-K70 -> 0
A71: ERRAFIK | B71: FN160060 | C71: 42634 | D71: TND | E71: 490473.73 | F71: =+E71 -> 490473.73 | G71: =+C71+90 -> 42724 | H71: 390000 | J71: 42719 | K71: 483301.4 | M71: =E71-K71 -> 7172.329
A72: MARIBAT | B72: FN160065 | C72: 42646 | D72: USD | E72: 206062.8 | F72: =+E72*2.1936 -> 452019.36 | G72: =+C72+120 -> 42766 | K72: =90445.6+62781.5+52565.5 -> 205792.6 | M72: =E72-K72 -> 270.2
A73: ERRAFIK | B73: FN160066 | C73: 42647 | D73: EUR | E73: 90619.2 | F73: =+E73*2.4659 -> 223457.89 | G73: =+C73+90 -> 42737 | K73: =99832.71-60035.94+50800 -> 90596.77 | M73: =E73-K73 -> 22.43
A74: MARIBAT | B74: FN160067 | C74: 42661 | D74: USD | E74: 137375.2 | F74: =E74*2.23355 -> 306834.38 | G74: =+C74+120 -> 42781 | K74: =60289.4+76922.5 -> 137211.9 | M74: =E74-K74 -> 163.3
A75: ERRAFIK | B75: FN160068 | C75: 42667 | D75: EUR | E75: 275267.22 | F75: =E75*2.4408 -> 671872.23 | G75: =+C75+90 -> 42757 | K75: =86880.37-50800+49880.54+99832.65+50000+39400 -> 275193.56 | M75: =E75-K75 -> 73.66
A76: ERRAFIK | B76: FN160069 | C76: 42674 | D76: EUR | E76: 267067.85 | F76: =E76*2.45085 -> 654543.24 | G76: =C76+90 -> 42764 | K76: =11960+49900+24900+89900+79950+10400 -> 267010 | M76: =E76-K76 -> 57.85
A77: EL HARAMAINE | B77: FN160072 | C77: 42682 | D77: USD | E77: 61851.2 | F77: =+E77*2.22055 -> 137343.68 | G77: =+C77+90 -> 42772 | K77: 61851.2 | M77: =E77-K77 -> 0
A78: MED ENERGY | B78: FN160075 | C78: 42688 | D78: EUR | E78: 63212.1 | F78: =+E78*2.43455 -> 153893.02 | G78: =+C78+60 -> 42748 | M78: =E78-K78 -> 63212.1
A79: MARIBAT | B79: FN160076 | C79: 42695 | D79: USD | E79: 218812.7 | F79: =+E79*2.2844 -> 499855.73 | G79: =+C79+120 -> 42815 | H79: 400000 | J79: 42819 | K79: =90505.8+128142.5 -> 218648.3 | M79: =E79-K79 -> 164.4
A80: EL HARAMAINE | B80: FN160077 | C80: 42703 | D80: USD | E80: 60082 | F80: =+E80*2.2879 -> 137461.61 | G80: =+C80+90 -> 42793 | M80: =E80-K80 -> 60082
A81: ERRAFIK | B81: FN160082 | C81: 42714 | D81: EUR | E81: 189405.85 | F81: =+E81*2.42685 -> 459659.59 | G81: =+C81+90 -> 42804 | K81: =11585+24960+59900+21930+14930+27960+28100 -> 189365 | M81: =E81-K81 -> 40.85
A82: ERRAFIK | B82: FN160084 | C82: 42731 | D82: EUR | E82: 288116.08 | F82: =+E82*2.41755 -> 696535.03 | G82: =+C82+60 -> 42791 | K82: =31982-28100+27930+26000+14982+21955+40955+45000+51000+39900+16500 -> 288104 | M82: =E82-K82 -> 12.08
A83: MARIBAT | B83: FN160090 | C83: 42733 | D83: USD | E83: 145787.49 | F83: =+E83*2.31175 -> 337024.23 | G83: =+C83+120 -> 42853 | K83: =60280.4+85392 -> 145672.4 | M83: =E83-K83 -> 115.09
A84: ERRAFIK | B84: FN170001 | C84: 42753 | D84: EUR | E84: 288576.96 | F84: =+E84*2.42535 -> 699900.13 | G84: =+C84+60 -> 42813 | K84: =34000-16500+40000+35000+50500+10000+74500+54500+6500 -> 288500 | M84: =E84-K84 -> 76.96
A85: ERRAFIK | B85: FN170006 | C85: 42772 | D85: EUR | E85: 90850.1 | F85: =+E85*2.4309 -> 220847.51 | G85: =+C85+60 -> 42832 | K85: =24600-6500+72500 -> 90600 | M85: =E85-K85 -> 250.1
A86: MARIBAT | B86: FN170007 | C86: 42786 | D86: USD | E86: 152438.77 | F86: =+E86*2.2847 -> 348276.86 | G86: =+C86+120 -> 42906 | K86: =60270.4+91998.5 -> 152268.9 | M86: =E86-K86 -> 169.87
A87: ERRAFIK | B87: FN170008 | C87: 42786 | D87: EUR | E87: 103380.36 | F87: =+E87*2.41935 -> 250113.27 | G87: =+C87+60 -> 42846 | K87: =44000+59200 -> 103200 | M87: =E87-K87 -> 180.36
A88: MARIBAT | B88: FN170013 | C88: 42827 | D88: USD | E88: 153807 | F88: =+E88*2.25845 -> 347365.42 | G88: =+C88+120 -> 42947 | K88: =60269.4+93352.5 -> 153621.9 | M88: =E88-K88 -> 185.1
A89: ERRAFIK | B89: FN170014 | C89: 42823 | D89: EUR | E89: 294951.15 | F89: =+E89*2.42915 -> 716480.59 | G89: =+C89+60 -> 42883 | K89: =250000+44800 -> 294800 | M89: =E89-K89 -> 151.15
A90: MED ENERGY | B90: FN170017 | C90: 42849 | D90: EUR | E90: 34976.02 | F90: =+E90*2.48185 -> 86805.235 | G90: =+C90+60 -> 42909 | M90: =E90-K90 -> 34976.02
A91: ERRAFIK | B91: FN170020 | C91: 42863 | D91: EUR | E91: 184309.16 | F91: =+E91*2.6311 -> 484935.83 | G91: =+C91+60 -> 42923 | K91: =36000+15000+95000+4000+34200 -> 184200 | M91: =E91-K91 -> 109.16
A92: ERRAFIK | B92: FN170024 | C92: 42898 | D92: EUR | E92: 295149.58 | F92: =+E92*2.74135 -> 809108.3 | G92: =+C92+60 -> 42958 | K92: =70000-34200+86000+111000+62300 -> 295100 | M92: =E92-K92 -> 49.58
A93: MED ENERGY | B93: FN170025 | C93: 42906 | D93: EUR | E93: 52992.7 | F93: =+E93*2.7377 -> 145078.11 | G93: =+C93+60 -> 42966 | M93: =E93-K93 -> 52992.7
A94: ERRAFIK | B94: FN170027 | C94: 42933 | D94: EUR | E94: 286403.79 | F94: =+E94*2.7746 -> 794655.96 | G94: =+C94+60 -> 42993 | K94: =180000+47200+7500+51650 -> 286350 | M94: =E94-K94 -> 53.79
A95: ERRAFIK | B95: FN170030 | C95: 42963 | D95: EUR | E95: 94511.3 | F95: =+E95*2.80685 -> 265279.04 | G95: =+C95+60 -> 43023 | K95: =125000-51650+21100 -> 94450 | M95: =E95-K95 -> 61.3
A96: ERRAFIK | B96: FN170031 | C96: 42975 | D96: EUR | E96: 278132.68 | F96: =+E96*2.88515 -> 802454.5 | G96: =+C96+60 -> 43035 | K96: =100000-21100 -> 78900 | M96: =E96-K96 -> 199232.68
A97: ERRAFIK | B97: FN170038 | C97: 43010 | D97: EUR | E97: 94696.34 | F97: =+E97*2.8948 -> 274126.97 | G97: =+C97+60 -> 43070 | M97: =E97-K97 -> 94696.34
A98: ERRAFIK | B98: FN170039 | C98: 43019 | D98: EUR | E98: 87025.13 | F98: =+E98*2.902 -> 252546.93 | G98: =+C98+60 -> 43079 | M98: =E98-K98 -> 87025.13
A99: ERRAFIK | B99: FN170040 | C99: 43026 | D99: EUR | E99: 98676.9 | F99: =+E99*2.89915 -> 286079.13 | G99: =+C99+60 -> 43086 | M99: =E99-K99 -> 98676.9
A100: ERRAFIK | B100: FN170041 | C100: 43031 | D100: EUR | E100: 90761.4 | F100: =+E100*2.9083 -> 263961.38 | G100: =+C100+60 -> 43091 | M100: =E100-K100 -> 90761.4
A101: ERRAFIK | B101: FN170044 | C101: 43035 | D101: EUR | E101: 101159.6 | F101: =+E101*2.9096 -> 294333.97 | G101: =+C101+60 -> 43095 | M101: =E101-K101 -> 101159.6
A102: ERRAFIK | B102: FN170046 | C102: 43041 | D102: EUR | E102: 101167.8 | F102: =+E102*2.8951 -> 292890.9 | G102: =+C102+60 -> 43101 | M102: =E102-K102 -> 101167.8
A103: ERRAFIK | B103: FN170047 | C103: 43048 | D103: EUR | E103: 96608.7 | F103: =+E103*2.8966 -> 279836.76 | G103: =+C103+60 -> 43108 | M103: =E103-K103 -> 96608.7
...

Sheet FED
A3: FINANCEMENTS DE DEVISE IMPORT
A4: AU 31/12/2016
B6: Fournisseur | C6: Montant en devise | D6: Cours | E6: Montant en dinars | F6: Date MEP | G6: Échéance | H6: Observation
A7: STA NOUR | B7: STCM | C7: 108049.32 | D7: 2.84 | E7: =+C7*D7 -> 306860.07 | F7: 42702 | G7: 42974 | H7: 3eme et derniere
A8: Total | E8: =SUM(E7) -> 306860.07
A10: SNA | B10: STCM | C10: 199857.91 | D10: 2.84 | E10: =C10*D10 -> 567596.46 | F10: 42726 | G10: 42998 | H10: 3eme et derniere
A11: Total | E11: =SUM(E10:E10) -> 567596.46

Sheet CHEQUE
A1: Adr fact | B1: Nom | C1: Échéance | D1: Montant
A2: 4X03000 | B2: CLIENT PASSAGER - SOUS | C2: 43068 | D2: 534.9
A3: 4r13134 | B3: STE MEMMI-AUTO ET COMP | C3: 43069 | D3: 8486.004
A4: 1R01112 | B4: AZOUNA MUSTAPHA | C4: 43069 | D4: 1365.542
A5: 3R18069 | B5: SELLAMI MED TAOUFIK- TOTAL | C5: 43070 | D5: 1347.39
A6: 3R18201 | B6: ALI JRIBI | C6: 43070 | D6: 157
A7: 3r18381 | B7: STE DREAM CAR | C7: 43070 | D7: 5789.51
A8: 7R20002 | B8: HAROUNI HAFSIA BT MOHAMED | C8: 43070 | D8: 1500
A9: 4R15042 | B9: SAHAR BT HABIB HAJ MAHMOUD | C9: 43071 | D9: 1345.83
A10: 3R14079 | B10: BAAZAOUI SALAH | C10: 43071 | D10: 753.5
A11: 3R14079 | B11: BAAZAOUI SALAH | C11: 43071 | D11: 621.11
A12: 1r03074 | B12: BEJI FAYCEL | C12: 43071 | D12: 1064.45
A13: 4R13138 | B13: ASMA BENT MOKHTAR ESSI | C13: 43071 | D13: 720.927
... A457: 8r10056 | B457: STE HAMMAMI DE MATER.A | C457: 43100 | D457: 376.186
A458: TOTAL 12/2017 | D458: =SUM(D2:D457) -> 856896.01
A459: 3R14079 | B459: BAAZAOUI SALAH | C459: 43101 | D459: 621.11
A460: 3R18381 | B460: STE DREAM CAR | C460: 43101 | D460: 9719.59
A461: 4R13138 | B461: ASMA BENT MOKHTAR ESSI | C461: 43101 | D461: 720.927
A462: 1r06107 | B462: MOHAMED BEN ALI BEN HAMMA | C462: 43102 | D462: 2166.27
A463: 4R13138 | B463: ASMA BENT MOKHTAR ESSI | C463: 43102 | D463: 730.978
A464: 1R01540 | B464: STE UNIVSEL AUTOMOTIVES PART | C464: 43103 | D464: 1032.83
A465: 4R12214 | B465: LIMEME FATHI BEN KHLIFA | C465: 43105 | D465: 600
A466: 4R12214 | B466: LIMEME FATHI BEN KHLIFA | C466: 43105 | D466: 600
A467: 4R13031 | B467: ETS.AMOR SGHAIER ET CIE | C467: 43105 | D467: 16119.39
A468: 4R13083 | B468: ETS RACHED KALBOUSSI | C468: 43105 | D468: 922.97
A469: 4R13132 | B469: STE GENERALE EQUIP.MARITIME | C469: 43105 | D469: 2500
A470: 4R14056 | B470: MEHREZ BEN MOHAMED GUIZANI | C470: 43105 | D470: 2440
... A831: 7R16055 | B831: EZZEDDINE LETIFI | C831: 43131 | D831: 4196.568
A832: TOTAL 01/2018 | D832: =SUM(D459:D831) -> 782597.53
A833: 4R14056 | B833: MEHREZ BEN MOHAMED GUIZANI | C833: 43132 | D833: 2500
A834: 3R18381 | B834: STE DREAM CAR | C834: 43132 | D834: 2729.84
A835: 1R02250 | B835: STE GAMA AUTO | C835: 43132 | D835: 3507.13
A836: 1R03074 | B836: BEJI FAYCEL | C836: 43132 | D836: 1242.45
A837: 1r06020 | B837: STE MED ALI DE PIECES DE | C837: 43132 | D837: 1000
A838: 3R15038 | B838: ANIS BEN KHALIPHA RHAIEM | C838: 43133 | D838: 3000
A839: 3R18160 | B839: S M E A | C839: 43133 | D839: 4000
A840: 1R02185 | B840: SOCIETE ULTRA SERVICE | C840: 43135 | D840: 500
A841: 1R02148 | B841: AMOR BEN ABDRAHMENE BI | C841: 43135 | D841: 1180.9
A842: 4R12256 | B842: ABDELKEBIR IMED BEN ZID | C842: 43136 | D842: 1300
A843: 4R14007 | B843: PIECES AUTOS BEN ALAYA MED | C843: 43136 | D843: 900
A844: 4R14056 | B844: MEHREZ BEN MOHAMED GUIZANI | C844: 43136 | D844: 2500
... A1041: 6R23139 | B1041: AWADNI MAATOUG | C1041: 43159 | D1041: 771.318
A1042: TOTAL 02/2018 | D1042: =SUM(D833:D1041) -> 421145.23
A1043: 6R21066 | B1043: MED MAJID B.ABDESSALEM | C1043: 43160 | D1043: 1902.123
A1044: 1r02250 | B1044: STE GAMA AUTO | C1044: 43161 | D1044: 1080
A1045: 4R15042 | B1045: SAHAR BT HABIB HAJ MAH | C1045: 43161 | D1045: 1400
A1046: 1r02185 | B1046: SOCIETE ULTRA SERVICE | C1046: 43162 | D1046: 900
A1047: 4R14056 | B1047: MEHREZ BEN MOHAMED GUIZANI | C1047: 43164 | D1047: 2000
A1048: 4R15037 | B1048: STE MAHDIA AUTO | C1048: 43164 | D1048: 2900
A1049: 3R18207 | B1049: SMAOUI MOHSEN | C1049: 43164 | D1049: 880
A1050: 3R18367 | B1050: STE IDEALE PIECES AUTOS SIPA | C1050: 43164 | D1050: 1693.87
A1051: 1R01551 | B1051: GENERALE ELECT.AUTOMOBILE | C1051: 43164 | D1051: 2088.73
A1052: 1r02185 | B1052: SOCIETE ULTRA SERVICE | C1052: 43164 | D1052: 900
A1053: 1r02238 | B1053: SMPA MASMOUDI PIECES AUTOS | C1053: 43164 | D1053: 1985.2
A1054: 1r05195 | B1054: STE MDIALE PCE AUTOMOBILES | C1054: 43164 | D1054: 2609.09
... A1123: 6R21066 | B1123: MED MAJID B.ABDESSALEM | C1123: 43190 | D1123: 1500
A1124: TOTAL 03/2018 | D1124: =SUM(D1043:D1123) -> 149986.32
A1125: 1R02185 | B1125: SOCIETE ULTRA SERVICE | C1125: 43193 | D1125: 900
A1126: 4R12262 | B1126: STE CIPA | C1126: 43195 | D1126: 1290.64
A1127: 1R02185 | B1127: SOCIETE ULTRA SERVICE | C1127: 43195 | D1127: 518.812
A1128: 6R21066 | B1128: MED MAJID B.ABDESSALEM | C1128: 43196 | D1128: 1500
A1129: 1R02185 | B1129: SOCIETE ULTRA SERVICE | C1129: 43198 | D1129: 900
A1130: 1R02185 | B1130: SOCIETE ULTRA SERVICE | C1130: 43200 | D1130: 900
A1131: 4R12262 | B1131: STE CIPA | C1131: 43205 | D1131: 1300
A1132: 4R13028 | B1132: SOCIETE MANNAI BATIMENT | C1132: 43205 | D1132: 2863.66
A1133: 4R13106 | B1133: FREDJ MILI | C1133: 43205 | D1133: 1500
A1134: 1R02243 | B1134: STE GLOBAL PIECES AUTOS | C1134: 43205 | D1134: 5000
A1135: 1r05103 | B1135: JALEL BEN AHMED EL GABSI | C1135: 43210 | D1135: 1079
A1136: 1r05103 | B1136: JALEL BEN AHMED EL GABSI | C1136: 43213 | D1136: 1078.98
... A1138: 4R12236 | B1138: STE ELECTRICIA AUTO | C1138: 43217 | D1138: 11104.332
A1139: TOTAL 04/2018 | D1139: =SUM(D1125:D1138) -> 31490.264
A1140: 1R02243 | B1140: STE GLOBAL PIECES AUTOS | C1140: 43235 | D1140: 5000
A1141: TOTAL 05/2018 | D1141: =SUM(D1140) -> 5000
A1143: TOTAL | D1143: =D1141+D1139+D1124+D1042+D832+D458 -> 2247115.4

Sheet TRAITE
A1: Client | B1: Nom | C1: Echéance | D1: Total St
A2: 1R05035 | B2: SAIDA SARRAY VEUVE FENINA | C2: 43100 | D2: 4489.694
A3: 4S12070 | B3: STE MEUNIERE DU CENTRE SOMEC | C3: 43100 | D3: 544.386
A4: 1R06028 | B4: TAREK BEN KHEMAIES LAH | C4: 43100 | D4: 5040.144
A5: 1T06004 | B5: STE REG. DE TRANSP.-BIZERTE | C5: 43102 | D5: 5043.633
A6: 1G03002 | B6: S E T C A R | C6: 43105 | D6: 6749.183
A7: 1G01003 | B7: SOCIETE DE NUTRITION ANIMALE | C7: 43105 | D7: 154.438
A8: 4R14064 | B8: STE BASMA AUTO DE COMMERCE | C8: 43105 | D8: 945.095
A9: 1S01236 | B9: CARTHAGE CEMENT SA | C9: 43114 | D9: 1885.281
A10: 8R11010 | B10: ISSAOUI ABDERRAHMEN | C10: 43115 | D10: 836.609
A11: 4R14064 | B11: STE BASMA AUTO DE COMMERCE | C11: 43118 | D11: 945.095
A12: 3R18060 | B12: G P R | C12: 43121 | D12: 691.822
A13: 8R09022 | B13: S O C O M A F | C13: 43122 | D13: 1312
... A77: 6R21027 | B77: S O G E M | C77: 43190 | D77: 2394.841
A78: TOTAL 90 JOURS | D78: =SUM(D2:D77) -> 179835.59
A79: 1R12003 | B79: STE ZORGATI VEHICULES | C79: 43195 | D79: 13156.36
A80: 4R13125 | B80: STE SARRA AUTO | C80: 43195 | D80: 2070.863
A81: 1R03125 | B81: MOHAMED B MED NEJIB RE | C81: 43195 | D81: 1241.722
A82: 4R14029 | B82: JAADI MONCEF | C82: 43197 | D82: 925
A83: 1R03141 | B83: BEN ALI HAMDI | C83: 43198 | D83: 2467.335
A84: 4R14029 | B84: JAADI MONCEF | C84: 43200 | D84: 926
A85: 3R18068 | B85: MOHAMED GHARIANI | C85: 43201 | D85: 11000
A86: 4R14029 | B86: JAADI MONCEF | C86: 43203 | D86: 927
A87: 1R04037 | B87: SOCIETE ZAGHLA FRERES | C87: 43205 | D87: 4163.805
A88: 1R03030 | B88: COMPAGNIE TNNE DE REPR | C88: 43205 | D88: 1343.981
A89: 4R14029 | B89: JAADI MONCEF | C89: 43206 | D89: 928
A90: 4R14029 | B90: JAADI MONCEF | C90: 43209 | D90: 788.836
... A93: 1R12003 | B93: STE ZORGATI VEHICULES | C93: 43225 | D93: 5436.26
A94: TOTAL > 90 JOURS | D94: =SUM(D79:D93) -> 68399.15
A96: TOTAL GENERAL | D96: =+D94+D78 -> 248234.74

Sheet KAIS TAYACHI
B1: Date de Liv | C1: Desc Art | D1: UN | E1: Qté Liv / STA NOUR | F1: Px UN / TND | G1: Px Tot / TND | H1: TVA 18% | I1: Tot. TTC | J1: Mode de Paiement | K1: Réf. Pièce de Règ | L1: Société | M1: Montant | N1: Échéance | O1: Banque | P1: FACTURE | Q1: STE
B2: 42751 | C2: ETAIN | D2: KG | E2: 2086 | F2: 32.2 | G2: =+E2*F2 -> 67169.2 | H2: =G2*0.18 -> 12090.456 | I2: =+G2+H2 -> 79259.656 | J2: CH | K2: 3909 | L2: STA | M2: 15192 | N2: 42901 | O2: STB MEG | P2: HAZEM CHTOUROU | Q2: STA
B3: 42759 | C3: ETAIN | D3: KG | E3: 993 | F3: 32.2 | G3: =+E3*F3 -> 31974.6 | H3: =G3*0.18 -> 5755.428 | I3: =+G3+H3 -> 37730.028 | J3: CH | K3: 3778 | L3: STA | M3: 75000 | N3: 42793 | O3: STB MEG
B4: 42810 | C4: ETAIN | D4: KG | E4: 1100 | F4: 32.2 | G4: =+E4*F4 -> 35420 | H4: =G4*0.18 -> 6375.6 | I4: =+G4+H4 -> 41795.6 | J4: CH | K4: 3858 | L4: STA | M4: 35000 | N4: 42842 | O4: STB MEG
J5: CH | K5: 3910 | L5: STA | M5: 33593.784 | N5: 42865 | O5: STB MEG
B7: 42784 | C7: VIEUX PLOMB | D7: KG | E7: 30905 | F7: 4.22 | G7: =+E7*F7 -> 130419.1 | H7: =G7*0.18 -> 23475.438 | I7: =+G7+H7 -> 153894.54 | J7: CH | K7: 150 | L7: SNA | M7: 60000 | N7: 42751 | O7: STB MEG | P7: HAZEM CHTOUROU | Q7: SNA
B8: 42795 | C8: VIEUX PLOMB | D8: KG | E8: 15460 | F8: 4.22 | G8: =+E8*F8 -> 65241.2 | H8: =G8*0.18 -> 11743.416 | I8: =+G8+H8 -> 76984.616 | J8: CH | K8: 345 | L8: SNA | M8: 80000 | N8: 42811 | O8: STB MEG
B9: 42808 | C9: VIEUX PLOMB | D9: KG | E9: 16380 | F9: 4.22 | G9: =+E9*F9 -> 69123.6 | H9: =G9*0.18 -> 12442.248 | I9: =+G9+H9 -> 81565.848 | J9: CH | K9: 372 | L9: SNA | M9: 50000 | N9: 42828 | O9: STB MEG
B10: 42825 | C10: VIEUX PLOMB | D10: KG | E10: 5986 | F10: 4.22 | G10: =+E10*F10 -> 25260.92 | H10: =G10*0.18 -> 4546.9656 | I10: =+G10+H10 -> 29807.886 | J10: CH | K10: 411 | L10: SNA | M10: 35000 | N10: 42842 | O10: STB MEG
B11: 42836 | C11: VIEUX PLOMB | D11: KG | E11: 4995 | F11: 4.22 | G11: =+E11*F11 -> 21078.9 | H11: =G11*0.18 -> 3794.202 | I11: =+G11+H11 -> 24873.102 | J11: CH | K11: 482 | L11: SNA | M11: 142126.49 | N11: 42865 | O11: STB MEG
B13: 42838 | C13: VIEUX PLOMB | D13: KG | E13: 3694 | F13: 4.1 | G13: =+E13*F13 -> 15145.4 | H13: =+G13*0.18 -> 2726.172 | I13: =+H13+G13 -> 17871.572 | J13: CH | K13: 525 | L13: SNA | M13: 60000 | N13: 42877 | O13: STB MEG | P13: KAIS TAYACHI / GHEDIFI ABDESSATAR | Q13: SNA
B14: 42849 | C14: VIEUX PLOMB | D14: KG | E14: 6403 | F14: 4.1 | G14: =+E14*F14 -> 26252.3 | H14: =+G14*0.18 -> 4725.414 | I14: =+H14+G14 -> 30977.714 | J14: CH | K14: 621 | L14: SNA | M14: 80000 | N14: 42901 | O14: STB MEG
B15: 42867 | C15: VIEUX PLOMB | D15: KG | E15: 6510 | F15: 4.1 | G15: =+E15*F15 -> 26691 | H15: =+G15*0.18 -> 4804.38 | I15: =+H15+G15 -> 31495.38 | J15: CH | K15: 739 | L15: SNA | M15: 100000 | N15: 42940 | O15: STB MEG
B16: 42879 | C16: VIEUX PLOMB | D16: KG | E16: 5998 | F16: 4.1 | G16: =+E16*F16 -> 24591.8 | H16: =+G16*0.18 -> 4426.524 | I16: =+H16+G16 -> 29018.324 | J16: CH | K16: 740 | L16: SNA | M16: 60000 | N16: 42943 | O16: STB MEG
B17: 42887 | C17: VIEUX PLOMB | D17: KG | E17: 4662 | F17: 4.1 | G17: =+E17*F17 -> 19114.2 | H17: =+G17*0.18 -> 3440.556 | I17: =+H17+G17 -> 22554.756 | J17: CH | K17: 830 | L17: SNA | M17: 100000 | N17: 42963 | O17: STB MEG
B18: 42893 | C18: VIEUX PLOMB | D18: KG | E18: 4753 | F18: 4.1 | G18: =+E18*F18 -> 19487.3 | H18: =+G18*0.18 -> 3507.714 | I18: =+H18+G18 -> 22995.014 | J18: CH | K18: 831 | L18: SNA | M18: 72777.787 | N18: 42963 | O18: STB MEG
B19: 42900 | C19: VIEUX PLOMB | D19: KG | E19: 5116 | F19: 4.1 | G19: =+E19*F19 -> 20975.6 | H19: =+G19*0.18 -> 3775.608 | I19: =+H19+G19 -> 24751.208
B20: 42915 | C20: VIEUX PLOMB | D20: KG | E20: 4553 | F20: 4.1 | G20: =+E20*F20 -> 18667.3 | H20: =+G20*0.18 -> 3360.114 | I20: =+H20+G20 -> 22027.414
B21: 42916 | C21: VIEUX PLOMB | D21: KG | E21: 3889 | F21: 4.1 | G21: =+E21*F21 -> 15944.9 | H21: =+G21*0.18 -> 2870.082 | I21: =+H21+G21 -> 18814.982
B22: 42922 | C22: VIEUX PLOMB | D22: KG | E22: 1694 | F22: 4.1 | G22: =+E22*F22 -> 6945.4 | H22: =+G22*0.18 -> 1250.172 | I22: =+H22+G22 -> 8195.572
B23: 42922 | C23: VIEUX PLOMB | D23: KG | E23: 1634 | F23: 4.1 | G23: =+E23*F23 -> 6699.4 | H23: =+G23*0.18 -> 1205.892 | I23: =+H23+G23 -> 7905.292
B24: 42926 | C24: VIEUX PLOMB | D24: KG | E24: 1450 | F24: 4.1 | G24: =+E24*F24 -> 5945 | H24: =+G24*0.18 -> 1070.1 | I24: =+H24+G24 -> 7015.1
B25: 42930 | C25: VIEUX PLOMB | D25: KG | E25: 3022 | F25: 4.1 | G25: =+E25*F25 -> 12390.2 | H25: =+G25*0.18 -> 2230.236 | I25: =+H25+G25 -> 14620.436
B26: 42942 | C26: VIEUX PLOMB | D26: KG | E26: 2704 | F26: 4.1 | G26: =+E26*F26 -> 11086.4 | H26: =+G26*0.18 -> 1995.552 | I26: =+H26+G26 -> 13081.952
B27: 42894 | C27: DECHET BATTERIE | D27: KG | E27: 29940 | F27: 1.35 | G27: =+E27*F27 -> 40419 | H27: =+G27*0.18 -> 7275.42 | I27: =+H27+G27 -> 47694.42
B28: 42899 | C28: DECHET BATTERIE | D28: KG | E28: 32820 | F28: 1.35 | G28: =+E28*F28 -> 44307 | H28: =+G28*0.18 -> 7975.26 | I28: =+H28+G28 -> 52282.26
B29: 42922 | C29: DECHET BATTERIE | D29: KG | E29: 31960 | F29: 1.35 | G29: =+E29*F29 -> 43146 | H29: =+G29*0.18 -> 7766.28 | I29: =+H29+G29 -> 50912.28
B30: 42927 | C30: DECHET BATTERIE | D30: KG | E30: 3121 | F30: 1.35 | G30: =+E30*F30 -> 4213.35 | H30: =+G30*0.18 -> 758.403 | I30: =+H30+G30 -> 4971.753
B31: 42943 | C31: DECHET BATTERIE | D31: KG | E31: 33140 | F31: 1.35 | G31: =+E31*F31 -> 44739 | H31: =+G31*0.18 -> 8053.02 | I31: =+H31+G31 -> 52792.02
B33: 42838 | C33: ETAIN | D33: KG | E33: 236 | F33: 30 | G33: =+E33*F33 -> 7080 | H33: =G33*0.18 -> 1274.4 | I33: =+G33+H33 -> 8354.4 | J33: CH | K33: 3938 | L33: STA | M33: =20000/0.985 -> 20304.569 | N33: 42901 | O33: STB MEG | P33: KAIS TAYACHI / GHEDIFI ABDESSATAR | Q33: STA
B34: 42849 | C34: ETAIN | D34: KG | E34: 466 | F34: 30 | G34: =+E34*F34 -> 13980 | H34: =G34*0.18 -> 2516.4 | I34: =+G34+H34 -> 16496.4 | J34: CH | K34: 4116 | L34: STA | M34: 20000 | N34: 42985 | O34: STB MEG
B35: 42867 | C35: ETAIN | D35: KG | E35: 154 | F35: 30 | G35: =+E35*F35 -> 4620 | H35: =G35*0.18 -> 831.6 | I35: =+G35+H35 -> 5451.6 | J35: CH | K35: 4173 | L35: STA | M35: 18377.331 | N35: 43014 | O35: STB MEG
B36: 42887 | C36: ETAIN | D36: KG | E36: 205 | F36: 30 | G36: =+E36*F36 -> 6150 | H36: =G36*0.18 -> 1107 | I36: =+G36+H36 -> 7257
B37: 42977 | C37: ETAIN | D37: KG | E37: 532 | F37: 30 | G37: =+E37*F37 -> 15960 | H37: =G37*0.18 -> 2872.8 | I37: =+G37+H37 -> 18832.8
B38: 42838 | C38: INOX | D38: KG | E38: 485 | F38: 4 | G38: =+E38*F38 -> 1940 | H38: =+G38*0.18 -> 349.2 | I38: =+H38+G38 -> 2289.2
B40: 42954 | C40: VIEUX PLOMB | D40: KG | E40: 3066 | F40: 4.1 | G40: =+E40*F40 -> 12570.6 | H40: =+G40*0.18 -> 2262.708 | I40: =+H40+G40 -> 14833.308 | J40: CH | K40: 897 | L40: SNA | M40: 50000 | N40: 42989 | O40: STB MEG | P40: KAIS TAYACHI / GHEDIFI ABDESSATAR | Q40: SNA
B41: 42958 | C41: VIEUX PLOMB | D41: KG | E41: 4570 | F41: 4.1 | G41: =+E41*F41 -> 18737 | H41: =+G41*0.18 -> 3372.66 | I41: =+H41+G41 -> 22109.66 | J41: CH | K41: 933 | L41: SNA | M41: 33569.757 | N41: 43000 | O41: STB MEG
B42: 42965 | C42: VIEUX PLOMB | D42: KG | E42: 2535 | F42: 4.1 | G42: =+E42*F42 -> 10393.5 | H42: =+G42*0.18 -> 1870.83 | I42: =+H42+G42 -> 12264.33
B43: 42971 | C43: VIEUX PLOMB | D43: KG | E43: 4650 | F43: 4.1 | G43: =+E43*F43 -> 19065 | H43: =+G43*0.18 -> 3431.7 | I43: =+H43+G43 -> 22496.7
B44: 42977 | C44: VIEUX PLOMB | D44: KG | E44: 2610 | F44: 4.1 | G44: =+E44*F44 -> 10701 | H44: =+G44*0.18 -> 1926.18 | I44: =+H44+G44 -> 12627.18
B46: 42956 | C46: DECHET BATTERIE | D46: KG | E46: 9684 | F46: 1.35 | G46: =+E46*F46 -> 13073.4 | H46: =+G46*0.18 -> 2353.212 | I46: =+H46+G46 -> 15426.612 | J46: CH | K46: 896 | L46: SNA | M46: 100000 | N46: 42985 | O46: STB MEG | P46: KAIS TAYACHI / GHEDIFI ABDESSATAR | Q46: SNA
B47: 42957 | C47: DECHET BATTERIE | D47: KG | E47: 30640 | F47: 1.35 | G47: =+E47*F47 -> 41364 | H47: =+G47*0.18 -> 7445.52 | I47: =+H47+G47 -> 48809.52 | J47: CH | K47: 932 | L47: SNA | M47: 50000 | N47: 43000 | O47: STB MEG
B48: 42972 | C48: DECHET BATTERIE | D48: KG | E48: 35720 | F48: 1.35 | G48: =+E48*F48 -> 48222 | H48: =+G48*0.18 -> 8679.96 | I48: =+H48+G48 -> 56901.96 | J48: CH | K48: 1035 | L48: SNA | M48: 80495.323 | N48: 43014 | O48: STB MEG
B49: 42975 | C49: DECHET BATTERIE | D49: KG | E49: 34300 | F49: 1.35 | G49: =+E49*F49 -> 46305 | H49: =+G49*0.18 -> 8334.9 | I49: =+H49+G49 -> 54639.9
B50: 42975 | C50: DECHET BATTERIE | D50: KG | E50: 3304 | F50: 1.35 | G50: =+E50*F50 -> 4460.4 | H50: =+G50*0.18 -> 802.872 | I50: =+H50+G50 -> 5263.272
B51: 42977 | C51: DECHET BATTERIE | D51: KG | E51: 886 | F51: 1.35 | G51: =+E51*F51 -> 1196.1 | H51: =+G51*0.18 -> 215.298 | I51: =+H51+G51 -> 1411.398
B52: 42977 | C52: DECHET BATTERIE | D52: KG | E52: 29680 | F52: 1.35 | G52: =+E52*F52 -> 40068 | H52: =+G52*0.18 -> 7212.24 | I52: =+H52+G52 -> 47280.24
B54: 42986 | C54: DECHET BATTERIE | D54: KG | E54: 30440 | F54: 1.4 | G54: =+E54*F54 -> 42616 | H54: =+G54*0.18 -> 7670.88 | I54: =+H54+G54 -> 50286.88 | J54: CH | K54: 4195 | L54: STA | M54: 100000 | N54: 43024 | O54: STB MEG | P54: KAIS TAYACHI / GHEDIFI ABDESSATAR | Q54: STA
B55: 42998 | C55: DECHET BATTERIE | D55: KG | E55: 25980 | F55: 1.4 | G55: =+E55*F55 -> 36372 | H55: =+G55*0.18 -> 6546.96 | I55: =+H55+G55 -> 42918.96 | J55: CH | K55: 1170 | L55: SNA | M55: 100000 | N55: 43041 | O55: STB MEG
B56: 43003 | C56: DECHET BATTERIE | D56: KG | E56: 41100 | F56: 1.4 | G56: =+E56*F56 -> 57540 | H56: =+G56*0.18 -> 10357.2 | I56: =+H56+G56 -> 67897.2
B57: 43006 | C57: DECHET BATTERIE | D57: KG | E57: 16670 | F57: 1.4 | G57: =+E57*F57 -> 23338 | H57: =+G57*0.18 -> 4200.84 | I57: =+H57+G57 -> 27538.84
B58: 43006 | C58: DECHET BATTERIE | D58: KG | E58: 16192 | F58: 1.4 | G58: =+E58*F58 -> 22668.8 | H58: =+G58*0.18 -> 4080.384 | I58: =+H58+G58 -> 26749.184
B60: 43003 | C60: VIEUX PLOMB | D60: KG | E60: 6570 | F60: 4.2 | G60: =+E60*F60 -> 27594 | H60: =+G60*0.18 -> 4966.92 | I60: =+G60+H60 -> 32560.92 | J60: CH | K60: 1214 | L60: SNA | M60: 150000 | N60: 1.1818182 | O60: STB MEG
B61: 43006 | C61: VIEUX PLOMB | D61: KG | E61: 6113 | F61: 4.2 | G61: =+E61*F61 -> 25674.6 | H61: =+G61*0.18 -> 4621.428 | I61: =+G61+H61 -> 30296.028 | J61: CH | K61: 1237 | L61: SNA | M61: 100000 | N61: 43060 | O61: STB MEG
B62: 43010 | C62: VIEUX PLOMB | D62: KG | E62: 2661 | F62: 4.4 | G62: =+E62*F62 -> 11708.4 | H62: =+G62*0.18 -> 2107.512 | I62: =+G62+H62 -> 13815.912
B63: 43021 | C63: VIEUX PLOMB | D63: KG | E63: 6100 | F63: 4.4 | G63: =+E63*F63 -> 26840 | H63: =+G63*0.18 -> 4831.2 | I63: =+G63+H63 -> 31671.2
B64: 43026 | C64: VIEUX PLOMB | D64: KG | E64: 3964 | F64: 4.4 | G64: =+E64*F64 -> 17441.6 | H64: =+G64*0.18 -> 3139.488 | I64: =+G64+H64 -> 20581.088
B65: 43027 | C65: VIEUX PLOMB | D65: KG | E65: 3876 | F65: 4.4 | G65: =+E65*F65 -> 17054.4 | H65: =+G65*0.18 -> 3069.792 | I65: =+G65+H65 -> 20124.192
B66: 43031 | C66: VIEUX PLOMB | D66: KG | E66: 4967 | F66: 4.4 | G66: =+E66*F66 -> 21854.8 | H66: =+G66*0.18 -> 3933.864 | I66: =+G66+H66 -> 25788.664
B67: 43039 | C67: VIEUX PLOMB | D67: KG | E67: 2714 | F67: 4.4 | G67: =+E67*F67 -> 11941.6 | H67: =+G67*0.18 -> 2149.488 | I67: =+G67+H67 -> 14091.088
B69: 43024 | C69: DECHET BATTERIE | D69: KG | E69: 40940 | F69: 1.4 | G69: =+E69*F69 -> 57316 | H69: =+G69*0.18 -> 10316.88 | I69: =+H69+G69 -> 67632.88
B70: 43031 | C70: DECHET BATTERIE | D70: KG | E70: 11391 | F70: 1.4 | G70: =+E70*F70 -> 15947.4 | H70: =+G70*0.18 -> 2870.532 | I70: =+H70+G70 -> 18817.932
B71: 43038 | C71: DECHET BATTERIE | D71: KG | E71: 41120 | F71: 1.4 | G71: =+E71*F71 -> 57568 | H71: =+G71*0.18 -> 10362.24 | I71: =+H71+G71 -> 67930.24
B72: 43039 | C72: DECHET BATTERIE | D72: KG | E72: 6073 | F72: 1.4 | G72: =+E72*F72 -> 8502.2 | H72: =+G72*0.18 -> 1530.396 | I72: =+H72+G72 -> 10032.596
B73: 43045 | C73: DECHET BATTERIE | D73: KG | E73: 18422 | F73: 1.45 | G73: =+E73*F73 -> 26711.9 | H73: =+G73*0.18 -> 4808.142 | I73: =+H73+G73 -> 31520.042
B74: 43056 | C74: DECHET BATTERIE | D74: KG | E74: 41320 | F74: 1.45 | G74: =+E74*F74 -> 59914 | H74: =+G74*0.18 -> 10784.52 | I74: =+H74+G74 -> 70698.52
B76: 43054 | C76: INOX | D76: KG | E76: 400 | F76: 4 | G76: =+E76*F76 -> 1600 | H76: =+G76*0.18 -> 288 | I76: =+H76+G76 -> 1888
B77: 43054 | C77: ETAIN | D77: KG | E77: 573 | F77: 33 | G77: =+E77*F77 -> 18909 | H77: =+G77*0.18 -> 3403.62 | I77: =+H77+G77 -> 22312.62
B78: 43054 | C78: VIEUX PLOMB | D78: KG | E78: 2850 | F78: 4.4 | G78: =+E78*F78 -> 12540 | H78: =+G78*0.18 -> 2257.2 | I78: =+H78+G78 -> 14797.2
B79: 43052 | C79: VIEUX PLOMB | D79: KG | E79: 4924 | F79: 4.4 | G79: =+E79*F79 -> 21665.6 | H79: =+G79*0.18 -> 3899.808 | I79: =+H79+G79 -> 25565.408
B80: 43049 | C80: COUPEAU DE FER | D80: KG | E80: 3500 | F80: 0.3 | G80: =+E80*F80 -> 1050 | H80: =+G80*0.18 -> 189 | I80: =+H80+G80 -> 1239
B81: 43055 | C81: COUPEAU DE FER | D81: KG | E81: 13320 | F81: 0.3 | G81: =+E81*F81 -> 3996 | H81: =+G81*0.18 -> 719.28 | I81: =+H81+G81 -> 4715.28
B86: SOLDE KAIS | I86: =SUM(I54:I84) -> 741469.87 | J86: MONTANT RECU | M86: =M54+M55+M60+M61 -> 450000
M87: =I86-M86 -> 291469.87

Sheet SOTRAM
B1: Date de Liv | C1: Desc Art | D1: UN | E1: Qté Liv / STA NOUR | F1: Px UN / TND | G1: Px Tot / TND | H1: TVA 18% | I1: FODEC 1% | J1: Tot. TTC | K1: Mode de Paiement | L1: Réf. Pièce de Règ | M1: Société | N1: Montant | O1: Échéance | P1: Banque | Q1: FACTURE | R1: STE
B2: 42872 | C2: DECHET BATTERIE | D2: KG | E2: 36260 | F2: 1.4 | G2: =+E2*F2 -> 50764 | H2: =+G2*0.18 -> 9137.52 | I2: =(G2+H2)*1% -> 599.0152 | J2: =+H2+G2+I2 -> 60500.535 | K2: CHQ | L2: 545 | M2: SNA | N2: =J2+0.5 -> 60501.035 | O2: 42880 | P2: STB MEG | Q2: SOTRAM | R2: SNA
B3: 42888 | C3: DECHET BATTERIE | D3: KG | E3: 36260 | F3: 1.4 | G3: =+E3*F3 -> 50764 | H3: =+G3*0.18 -> 9137.52 | I3: =(G3+H3)*1% -> 599.0152 | J3: =+H3+G3+I3 -> 60500.535 | K3: TRT | M3: SNA | N3: 61018.027 | O3: 42947 | P3: STB MEG | Q3: SOTRAM | R3: SNA
B4: 42899 | C4: DECHET BATTERIE | D4: KG | E4: 36880 | F4: 1.4 | G4: =+E4*F4 -> 51632 | H4: =+G4*0.18 -> 9293.76 | I4: =(G4+H4)*1% -> 609.2576 | J4: =+H4+G4+I4 -> 61535.018 | K4: TRT | M4: SNA | N4: 61018.027 | O4: 42962 | P4: STB MEG | Q4: SOTRAM | R4: SNA
B5: 42908 | C5: DECHET BATTERIE | D5: KG | E5: 37660 | F5: 1.4 | G5: =+E5*F5 -> 52724 | H5: =+G5*0.18 -> 9490.32 | I5: =(G5+H5)*1% -> 622.1432 | J5: =+H5+G5+I5 -> 62836.463 | K5: CHQ | L5: 689 | M5: SNA | N5: =J5+0.5 -> 62836.963 | O5: 42930 | P5: STB MEG | Q5: SOTRAM | R5: SNA
B6: 42933 | C6: DECHET BATTERIE | D6: KG | E6: 37460 | F6: 1.4 | G6: =+E6*F6 -> 52444 | H6: =+G6*0.18 -> 9439.92 | I6: =(G6+H6)*1% -> 618.8392 | J6: =+H6+G6+I6 -> 62502.759 | K6: CHQ | L6: 748 | M6: SNA | N6: =J6+0.5 -> 62503.259 | O6: 42942 | P6: STB MEG | Q6: SOTRAM | R6: SNA
B7: 42950 | C7: DECHET BATTERIE | D7: KG | E7: 37400 | F7: 1.4 | G7: =+E7*F7 -> 52360 | H7: =+G7*0.18 -> 9424.8 | I7: =(G7+H7)*1% -> 617.848 | J7: =+H7+G7+I7 -> 62402.648 | K7: CHQ | L7: 814 | M7: SNA | N7: =J7+0.5 -> 62403.148 | O7: 42964 | P7: STB MEG | Q7: SOTRAM | R7: SNA
B8: 42963 | C8: DECHET BATTERIE | D8: KG | E8: 36600 | F8: 1.4 | G8: =+E8*F8 -> 51240 | H8: =+G8*0.18 -> 9223.2 | I8: =(G8+H8)*1% -> 604.632 | J8: =+H8+G8+I8 -> 61067.832 | K8: CHQ | L8: 869 | M8: SNA | N8: =J8+0.5 -> 61068.332 | O8: 42972 | P8: STB MEG | Q8: SOTRAM | R8: SNA
B9: 42968 | C9: DECHET BATTERIE | D9: KG | E9: 36100 | F9: 1.4 | G9: =+E9*F9 -> 50540 | H9: =+G9*0.18 -> 9097.2 | I9: =(G9+H9)*1% -> 596.372 | J9: =+H9+G9+I9 -> 60233.572 | K9: CHQ | L9: 889 | M9: SNA | N9: =J9+0.5 -> 60234.072 | O9: 42985 | P9: STB MEG | Q9: SOTRAM | R9: SNA
B10: 42976 | C10: DECHET BATTERIE | D10: KG | E10: 37960 | F10: 1.4 | G10: =+E10*F10 -> 53144 | H10: =+G10*0.18 -> 9565.92 | I10: =(G10+H10)*1% -> 627.0992 | J10: =+H10+G10+I10 -> 63337.019 | K10: CHQ | L10: 922 | M10: SNA | N10: =J10+0.5 -> 63337.519 | O10: 42990 | P10: STB MEG | Q10: SOTRAM | R10: SNA
B11: 42989 | C11: DECHET BATTERIE | D11: KG | E11: 37520 | F11: 1.4 | G11: =+E11*F11 -> 52528 | H11: =+G11*0.18 -> 9455.04 | I11: =(G11+H11)*1% -> 619.8304 | J11: =+H11+G11+I11 -> 62602.87 | K11: CHQ | L11: 966 | M11: SNA | N11: =J11+0.5 -> 62603.37 | O11: 43000 | P11: STB MEG | Q11: SOTRAM | R11: SNA
B12: 42993 | C12: DECHET BATTERIE | D12: KG | E12: 34260 | F12: 1.4 | G12: =+E12*F12 -> 47964 | H12: =+G12*0.18 -> 8633.52 | I12: =(G12+H12)*1% -> 565.9752 | J12: =+H12+G12+I12 -> 57163.495 | K12: CHQ | L12: 978 | M12: SNA | N12: =J12+J13+0.5 -> 122136.16 | O12: 43004 | P12: STB MEG | Q12: SOTRAM | R12: SNA
B13: 42996 | C13: DECHET BATTERIE | D13: KG | E13: 38940 | F13: 1.4 | G13: =+E13*F13 -> 54516 | H13: =+G13*0.18 -> 9812.88 | I13: =(G13+H13)*1% -> 643.2888 | J13: =+H13+G13+I13 -> 64972.169
B14: 43003 | C14: DECHET BATTERIE | D14: KG | E14: 37400 | F14: 1.4 | G14: =+E14*F14 -> 52360 | H14: =+G14*0.18 -> 9424.8 | I14: =(G14+H14)*1% -> 617.848 | J14: =+H14+G14+I14 -> 62402.648 | K14: CHQ | L14: 992 | M14: SNA | N14: =J14+0.5 -> 62403.148 | O14: 43013 | P14: STB MEG | Q14: SOTRAM | R14: SNA
B15: 43006 | C15: DECHET BATTERIE | D15: KG | E15: 38120 | F15: 1.4 | G15: =+E15*F15 -> 53368 | H15: =+G15*0.18 -> 9606.24 | I15: =(G15+H15)*1% -> 629.7424 | J15: =+H15+G15+I15 -> 63603.982 | K15: CHQ | L15: 1070 | M15: SNA | N15: =J15+0.5 -> 63604.482 | O15: 43019 | P15: STB MEG | Q15: SOTRAM | R15: SNA
B16: 43012 | C16: DECHET BATTERIE | D16: KG | E16: 29000 | F16: 1.4 | G16: =+E16*F16 -> 40600 | H16: =+G16*0.18 -> 7308 | I16: =(G16+H16)*1% -> 479.08 | J16: =+H16+G16+I16 -> 48387.08 | K16: CHQ | L16: 1072 | M16: SNA | N16: =J16+0.5 -> 48387.58 | O16: 43019 | P16: STB MEG | Q16: SOTRAM | R16: SNA
B17: 43017 | C17: DECHET BATTERIE | D17: KG | E17: 36280 | F17: 1.4 | G17: =+E17*F17 -> 50792 | H17: =+G17*0.18 -> 9142.56 | I17: =(G17+H17)*1% -> 599.3456 | J17: =+H17+G17+I17 -> 60533.906 | K17: CHQ | L17: 1091 | M17: SNA | N17: =J17+0.5 -> 60534.406 | O17: 43032 | P17: STB MEG | Q17: SOTRAM | R17: SNA
B18: 43028 | C18: DECHET BATTERIE | D18: KG | E18: 38340 | F18: 1.4 | G18: =+E18*F18 -> 53676 | H18: =+G18*0.18 -> 9661.68 | I18: =(G18+H18)*1% -> 633.3768 | J18: =+H18+G18+I18 -> 63971.057 | K18: CHQ | L18: 1153 | M18: SNA | N18: =+J18+0.5 -> 63971.557 | O18: 43045 | P18: STB MEG | Q18: SOTRAM | R18: SNA
B19: 43033 | C19: DECHET BATTERIE | D19: KG | E19: 37200 | F19: 1.4 | G19: =+E19*F19 -> 52080 | H19: =+G19*0.18 -> 9374.4 | I19: =(G19+H19)*1% -> 614.544 | J19: =+H19+G19+I19 -> 62068.944 | K19: CHQ | L19: 1162 | M19: SNA | N19: 62068.944 | O19: 43054 | P19: STB MEG | Q19: SOTRAM | R19: SNA
B20: 43040 | C20: DECHET BATTERIE | D20: KG | E20: 36780 | F20: 1.4 | G20: =+E20*F20 -> 51492 | H20: =+G20*0.18 -> 9268.56 | I20: =(G20+H20)*1% -> 607.6056 | J20: =+H20+G20+I20 -> 61368.166
B21: 43047 | C21: DECHET BATTERIE | D21: KG | E21: 32400 | F21: 1.4 | G21: =+E21*F21 -> 45360 | H21: =+G21*0.18 -> 8164.8 | I21: =(G21+H21)*1% -> 535.248 | J21: =+H21+G21+I21 -> 54060.048 | K21: CHQ | L21: 1264 | M21: SNA | N21: 54060.548 | O21: 43066 | P21: STB MEG | Q21: SOTRAM | R21: SNA
B22: 43054 | C22: DECHET BATTERIE | D22: KG | E22: 38780 | F22: 1.4 | G22: =+E22*F22 -> 54292 | H22: =+G22*0.18 -> 9772.56 | I22: =(G22+H22)*1% -> 640.6456 | J22: =+H22+G22+I22 -> 64705.206 | K22: CHQ | L22: 1263 | M22: SNA | N22: 64705.705 | O22: 43061 | P22: STB MEG | Q22: SOTRAM | R22: SNA

Sheet HAZEM
B1: Date de Liv | C1: Desc Art | D1: UN | E1: Qté Liv / STA NOUR | F1: Px UN / TND | G1: Px Tot / TND | H1: TVA 18% | I1: Tot. TTC | J1: Mode de Paiement | K1: Réf. Pièce de Règ | L1: Société | M1: Montant | N1: Échéance | O1: Banque | P1: FACTURE | Q1: STE
B2: 43007 | C2: DECHET BATTERIE | D2: kg | E2: 33960 | F2: 1.4 | G2: =E2*F2 -> 47544 | H2: =G2*0.18 -> 8557.92 | I2: =H2+G2 -> 56101.92 | J2: CHQ | K2: 4172 | L2: STA | M2: 56102.42 | N2: 43019 | O2: STB MEG | P2: SMS | Q2: STA
B3: 43011 | C3: DECHET BATTERIE | D3: kg | E3: 32880 | F3: 1.4 | G3: =E3*F3 -> 46032 | H3: =G3*0.18 -> 8285.76 | I3: =H3+G3 -> 54317.76 | J3: CHQ | K3: 4192 | L3: STA | M3: 54318.26 | N3: 43025 | O3: STB MEG | P3: SMS | Q3: STA
B4: 43017 | C4: DECHET BATTERIE | D4: kg | E4: 26280 | F4: 1.4 | G4: =E4*F4 -> 36792 | H4: =G4*0.18 -> 6622.56 | I4: =H4+G4 -> 43414.56 | J4: CHQ | K4: 4213 | L4: STA | M4: 43415.06 | N4: 43031 | O4: STB MEG | P4: SMS | Q4: STA
B5: 43019 | C5: DECHET BATTERIE | D5: kg | E5: 36890 | F5: 1.4 | G5: =E5*F5 -> 51646 | H5: =G5*0.18 -> 9296.28 | I5: =H5+G5 -> 60942.28 | J5: CHQ | K5: 1105 | L5: SNA | M5: 60942.78 | N5: 43033 | O5: STB MEG | P5: SMS | Q5: SNA
B6: 43024 | C6: DECHET BATTERIE | D6: kg | E6: 32460 | F6: 1.4 | G6: =E6*F6 -> 45444 | H6: =G6*0.18 -> 8179.92 | I6: =H6+G6 -> 53623.92 | J6: CHQ | K6: 1124 | L6: SNA | M6: 53624.42 | N6: 43048 | O6: STB MEG | P6: SMS | Q6: SNA
B7: 43027 | C7: DECHET BATTERIE | D7: kg | E7: 31480 | F7: 1.4 | G7: =E7*F7 -> 44072 | H7: =G7*0.18 -> 7932.96 | I7: =H7+G7 -> 52004.96 | J7: CHQ | K7: 1118 | L7: SNA | M7: 52005.46 | N7: 43048 | O7: STB MEG | P7: SMS | Q7: SNA
B8: 43031 | C8: DECHET BATTERIE | D8: kg | E8: 28600 | F8: 1.4 | G8: =E8*F8 -> 40040 | H8: =G8*0.18 -> 7207.2 | I8: =H8+G8 -> 47247.2 | J8: CHQ | K8: 1196 | L8: SNA | M8: =+I8+0.5 -> 47247.7 | N8: 43055 | O8: STB MEG | P8: SMS | Q8: SNA
B9: 43039 | C9: DECHET BATTERIE | D9: kg | E9: 32140 | F9: 1.4 | G9: =E9*F9 -> 44996 | H9: =G9*0.18 -> 8099.28 | I9: =H9+G9 -> 53095.28 | P9: SMS | Q9: SNA
B10: 43042 | C10: DECHET BATTERIE | D10: kg | E10: 35680 | F10: 1.4 | G10: =E10*F10 -> 49952 | H10: =G10*0.18 -> 8991.36 | I10: =H10+G10 -> 58943.36 | J10: CHQ | K10: 1197 | L10: SNA | M10: 58943.86 | N10: 43066 | O10: STB MEG | P10: SMS | Q10: SNA
B11: 43045 | C11: DECHET BATTERIE | D11: kg | E11: 32420 | F11: 1.4 | G11: =E11*F11 -> 45388 | H11: =G11*0.18 -> 8169.84 | I11: =H11+G11 -> 53557.84 | J11: CHQ | K11: 1195 | L11: SNA | M11: 53558.34 | N11: 43062 | O11: STB MEG | P11: SMS | Q11: SNA
B12: 43049 | C12: DECHET BATTERIE | D12: kg | E12: 35260 | F12: 1.4 | G12: =E12*F12 -> 49364 | H12: =G12*0.18 -> 8885.52 | I12: =H12+G12 -> 58249.52 | P12: SMS | Q12: SNA
B13: 43056 | C13: DECHET BATTERIE | D13: kg | E13: 33980 | F13: 1.4 | G13: =E13*F13 -> 47572 | H13: =G13*0.18 -> 8562.96 | I13: =H13+G13 -> 56134.96 | P13: SMS | Q13: SNA

Sheet AUTRE FACTURE 
B1: Date de fact | C1: Fournisseur | D1: Desc Art | E1: UN | F1: Qté Facturé | G1: Px UN / TND | H1: Px Tot / TND | I1: TVA 18% | J1: FODEC 1% | K1: Tot. TTC | L1: Mode de Paiement | M1: Réf. Pièce de Règ | N1: Société | O1: Montant | P1: Échéance | Q1: Banque | R1: RECU | S1: DEPENSE
B2: 42914 | C2: SOTRAM | D2: DECHET BATTERIE | E2: kg | F2: 37610 | G2: 1.4 | H2: =G2*F2 -> 52654 | I2: =H2*0.18 -> 9477.72 | J2: =(H2+I2)*1% -> 621.3172 | K2: =J2+I2+H2+0.5 -> 62753.537 | L2: CHQ | M2: 3 | N2: FONDERIE | O2: 62753.537 | P2: 42965 | Q2: STB MEG | R2: =+K2-I2 -> 53275.817 | S2: SOTRAPRO
B3: 42942 | C3: SOTRAM | D3: DECHET BATTERIE | E3: kg | F3: 37570 | G3: 1.4 | H3: =G3*F3 -> 52598 | I3: =H3*0.18 -> 9467.64 | J3: =(H3+I3)*1% -> 620.6564 | K3: =J3+I3+H3+0.5 -> 62686.796 | N3: FONDERIE
B4: 42958 | C4: SOTRAM | D4: DECHET BATTERIE | E4: kg | F4: 35900 | G4: 1.4 | H4: =G4*F4 -> 50260 | I4: =H4*0.18 -> 9046.8 | J4: =(H4+I4)*1% -> 593.068 | K4: =J4+I4+H4+0.5 -> 59900.368 | N4: STA NOUR
B5: 42972 | C5: SOTRAM | D5: DECHET BATTERIE | E5: kg | F5: 37400 | G5: 1.4 | H5: =G5*F5 -> 52360 | I5: =H5*0.18 -> 9424.8 | J5: =(H5+I5)*1% -> 617.848 | K5: =J5+I5+H5+0.5 -> 62403.148 | N5: STA NOUR
B6: 43036 | C6: SOTRAM | D6: DECHET BATTERIE | E6: kg | F6: 38100 | G6: 1.4 | H6: =G6*F6 -> 53340 | I6: =H6*0.18 -> 9601.2 | J6: =(H6+I6)*1% -> 629.412 | K6: =J6+I6+H6+0.5 -> 63571.112 | N6: FONDERIE
B7: 43039 | C7: SOTRAM | D7: DECHET BATTERIE | E7: kg | F7: 36740 | G7: 1.4 | H7: =G7*F7 -> 51436 | I7: =H7*0.18 -> 9258.48 | J7: =(H7+I7)*1% -> 606.9448 | K7: =J7+I7+H7+0.5 -> 61301.925 | N7: FONDERIE

Sheet Feuil1
A2: SOTRAPRO
A3: DECOMPTE N° 1 | B3: 82353.309
A4: DECOMPTE N° 2 | B4: 160892.14
A5: DECOMPTE N° 3 | B5: 123466.41
A6: DECOMPTE N° 4 | B6: 71700.871
A7: DECOMPTE N° 5 | B7: 66202.449
A8: DECOMPTE N° 6 | B8: 71065.578
A9: TOTAL | B9: =SUM(B3:B8)*0.985 -> 567045.54
A10: RETENUE DE GARANTIE | B10: =+B9*0.1 -> 56704.554
A11: AVANCE RECU (50000) | B11: =50000*0.985 -> 49250
A12: RELIQUAT | B12: =+B9-B10-B11 -> 461090.99
A14: PAIEMENT RECU
A15: 42947 | B15: CHQ 23 | C15: ALPHA MEDIA | D15: 32447.45 | E15: 32941.574
A16: 42971 | B16: CHQ 754 | C16: FETHI GHALI | D16: 45000 | E16: =+D16/0.985 -> 45685.279
A17: 42972 | B17: ESPECE | C17: FETHI GHALI | D17: 54000 | E17: =+D17/0.985 -> 54822.335
A18: 43004 | B18: CHQ 776 | C18: FETHI GHALI | D18: 32450 | E18: =+D18/0.985 -> 32944.162
A19: 43034 | B19: CHQ 24 | C19: ALPHA MEDIA | D19: 39400 | E19: 40000
A20: 43069 | B20: CHQ 30 | C20: ALPHA MEDIA | D20: 68950 | E20: 70000
A21: 43111 | B21: CHQ 33 | C21: ALPHA MEDIA | D21: 39400 | E21: =+D21/0.985 -> 40000
A22: 43279 | B22: CHQ 35 | C22: ALPHA MEDIA | D22: 29550 | E22: 30000
A23: 43209 | B23: CHQ 34 | C23: ALPHA MEDIA | D23: 59100 | E23: 60000
A24: 43410 | B24: CHQ 57 | C24: FETHI GHALI | D24: 50000
A25: TOTAL PAIEMENT | D25: =SUM(D15:D24) -> 450297.45
A27: RESTE A PAYER | D27: =+B12-D25 -> 10793.539

Sheet Feuil2
A2: FT170001 | B2: 42766 | C2: 424800.5 | E2: CHQ 131 | F2: 100000
A3: FT170002 | B3: 42822 | C3: 37996.5 | E3: CHQ 146 | F3: 100000
A4: FT170003 | B4: 42849 | C4: 280368.5 | E4: VR | F4: 500000
A5: FT170004 | B5: 43019 | C5: 95934.5 | E5: CHQ 295 | F5: 20000
A6: FT170005 | B6: 43028 | C6: 63248.5 | E6: CHQ 306 | F6: 20000
A7: TOTAL | C7: =SUM(C2:C6) -> 902348.5 | E7: CHQ 341 | F7: 50000
E8: CHQ 240 | F8: 40000
E9: CHQ 373 | F9: 50000
E10: CHQ 191 | F10: 50000
E11: CHQ 561 | F11: 20000
E12: CHQ 693 | F12: 50000
E13: CHQ 770 | F13: 10000
E14: CHQ 8241 | F14: 10000
E15: CHQ 8250 | F15: 10000
E16: CHQ 1003 | F16: 10000
E17: CHQ 8253 | F17: 20000
E18: CHQ 1269 | F18: 100000
F19: =SUM(F2:F18) -> 1160000
